 Dungeon Crawl Stone Soup version 0.16-a0-2930-gdd371d7 (webtiles) character file.

1879999 RobertPalmer the Archmage (level 27, -11/154 (158) HPs)
             Began as an Octopode Necromancer on Nov 23, 2014.
             Was the Champion of Kikubaaqudgha.
             Killed by divine providence
             ... invoked by a deep elf high priest
              (12 damage)
             ... on level 26 of a ziggurat on Dec 3, 2014.
             The game lasted 20:30:27 (207074 turns).

RobertPalmer the Archmage (Octopode Necromancer)  Turns: 207074, Time: 20:30:27

HP:   -11/154 (158) AC: 30    Str:  9      XL:     27
MP:   0/49          EV: 54    Int: 28 (29) God:    Kikubaaqudgha [******]
Gold: 18940         SH: 30    Dex: 27      Spells: 12 memorised, 0 levels left

rFire  + + +     SeeInvis +     b - staff of energy {+MP, hungerless spells, !d!a}
rCold  + . .     Clarity  +     E - +5 large shield of Cocytus {rF+ Dex+2}
rNeg   + + +     SustAb   .     s - +2 hat of the Bear Spirit {Spirit, +Rage rN+ MR++}
rPois  ∞         Gourm    .     f - brooch of Shielding {Ward rN+ AC+4 EV+4}
rElec  +         Spirit   +     p - ring "Sayfis" {Wiz +Rage Str+1 Slay+4}
rCorr  .         Warding  +     O - +6 ring of dexterity
rMut   .         Stasis   .     o - ring of Robustness {AC+8}
MR     +++++                    g - ring of Qoveng {rN+ Slay+3 SInv}
Stlth  ++++++++++               W - ring of Xom's Displeasure {rElec rF++ Int+3 Slay-3 Stlth-} (curse)
                                v - ring of the Mage {Wiz MR++ Int+3}
                                c - ring "Nimujaguody" {rF+ AC+5 Slay+4}
                                F - ring of Shaolin {EV+8}

@: lich-form, very slightly contaminated, deflect missiles, almost entirely
resistant to hostile enchantments, uncannily stealthy
A: almost no armour, amphibious, 8 rings, constrict 8, repulsion field 1,
iridescent scales 1, camouflage 1, clarity, deterioration 1, mutation resistance
1, wild magic 1, gelatinous body 1
a: End Transformation, Receive Corpses, Torment, Renounce Religion, Evoke
Berserk Rage
}: 15/15 runes: decaying, slimy, silver, golden, iron, obsidian, icy, bone,
abyssal, demonic, glowing, magical, fiery, dark, gossamer


You were on level 26 of a ziggurat.
You worshipped Kikubaaqudgha.
Kikubaaqudgha was exalted by your worship.
You were not hungry.
You were a lich.
You visited 18 branches of the dungeon, and saw 97 of its levels.
You visited Pandemonium 4 times, and saw 94 of its levels.
You visited the Abyss 1 time.
You visited 1 bazaar.
You visited 4 ziggurats (completing 1), and saw 97 of their levels.
You also visited: Labyrinth, Trove, Ossuary, Bailey, Ice Cave, Volcano and Wizlab.

You collected 25125 gold pieces.
You spent 6185 gold pieces at shops.


Innate Abilities, Weirdness & Mutations

You cannot wear most types of armour.
You are amphibious.
You can wear up to eight rings at the same time.
You can use your tentacles to constrict many enemies at once.
Your skin changes colour to match your surroundings (Stealth).
Your rubbery body absorbs attacks (AC +1).
You are surrounded by a mild repulsion field (EV +2).
You are partially covered in iridescent scales (AC +4).
You possess an exceptional clarity of mind.
Your body is slowly deteriorating.
You are somewhat resistant to further mutation.
Your spells are a little harder to cast, but a little more powerful.


   Skills:
 O Level 27 Fighting
 O Level 27 Polearms
 - Level 0.4(18.7) Staves
 O Level 27 Dodging
 O Level 27 Stealth
 O Level 27 Shields
 + Level 19.9 Unarmed Combat
 O Level 27 Spellcasting
 O Level 27 Conjurations
 - Level 26.9 Charms
 - Level 7.8 Summonings
 O Level 27 Necromancy
 - Level 16.7 Translocations
 - Level 15.4 Transmutations
 O Level 27 Fire Magic
 O Level 27 Ice Magic
 O Level 27 Air Magic
 O Level 27 Evocations


You couldn't memorise any spells.
You knew the following spells:

 Your Spells              Type           Power        Failure   Level  Hunger
d - Deflect Missiles      Chrm/Air       ########..   1%          6    N/A
f - Orb of Destruction    Conj           ########..   1%          7    N/A
h - Haste                 Chrm           ########     1%          6    N/A
i - Tornado               Air            ########..   1%          9    N/A
u - Fire Storm            Conj/Fire      ########..   1%          9    N/A
w - Simulacrum            Ice/Necr       #########.   1%          6    N/A
y - Necromutation         Trmt/Necr      #########.   1%          8    N/A
B - Controlled Blink      Tloc           N/A          1%          7    N/A
L - Borgnjor's Revivific  Necr           #########.   1%          8    N/A
R - Summon Butterflies    Summ           #######.     1%          1    N/A
V - Glaciate              Conj/Ice       ########..   1%          9    N/A
X - Animate Dead          Necr           N/A          1%          4    N/A

Inventory:

Hand weapons
 a - the +18 lance "Wyrmbane" {slay drac, +Rage rPois rF+ AC+5}
   (You found it on level 8 of the Dungeon)

   It affects your AC (+5).
   It protects you from fire.
   It protects you from poison.
   It lets you go berserk.
 C - the +8 trident of the Octopus King {venom, rElec rPois MR+}
   (You took it off a tengu reaver on level 5 of the Vaults)

   It poisons the flesh of those it strikes.
   It insulates you from electricity.
   It protects you from poison.
   It affects your resistance to hostile enchantments.
Armour
 s - the +2 hat of the Bear Spirit (worn) {Spirit, +Rage rN+ MR++}
   (You found it on level 3 of the Elven Halls)

   It protects you from negative energy.
   It affects your resistance to hostile enchantments.
   It lets you go berserk.
 E - the +5 large shield of Cocytus (worn) {rF+ Dex+2}
   (You took it off Mennas on level 4 of the Vaults)

   It affects your dexterity (+2).
   It protects you from fire.
Magical staves
 b - an uncursed staff of energy (weapon) {+MP, hungerless spells, !d!a}
Jewellery
 c - the ring "Nimujaguody" (on tentacle) {rF+ AC+5 Slay+4}
   (You found it on level 6 of a ziggurat)

   [ring of protection]

   It affects your AC (+5).
   It affects your accuracy and damage with ranged weapons and melee attacks
   (+4).
   It protects you from fire.
 f - the brooch of Shielding (around mantle) {Ward rN+ AC+4 EV+4}
   (You found it on level 7 of a ziggurat)

   [amulet of warding]

   It may prevent the melee attacks of summoned creatures.
   It affects your AC (+4).
   It affects your evasion (+4).
   It protects you from negative energy.
 g - the ring of Qoveng (on tentacle) {rN+ Slay+3 SInv}
   (You found it on level 3 of the Crypt)

   [ring of positive energy]

   It affects your accuracy and damage with ranged weapons and melee attacks
   (+3).
   It protects you from negative energy.
   It enhances your eyesight.
 o - the ring of Robustness (on tentacle) {AC+8}
   (You took it off a deep elf high priest on level 5 of the Vaults)

   [ring of protection]

   It affects your AC (+8).
 p - the ring "Sayfis" (left tentacle) {Wiz +Rage Str+1 Slay+4}
   (You found it on level 3 of the Elven Halls)

   [ring of wizardry]

   It improves your spell success rate.
   It affects your strength (+1).
   It affects your accuracy and damage with ranged weapons and melee attacks
   (+4).
   It lets you go berserk.
 v - the ring of the Mage (on tentacle) {Wiz MR++ Int+3}
   (You found it in a treasure trove)

   [ring of wizardry]

   It improves your spell success rate.
   It affects your intelligence (+3).
   It affects your resistance to hostile enchantments.
 A - a ring of the Octopus King {Wiz AC+1 EV+1 Str+1 Int+1 Dex+1}
   (You found it on level 19 of a ziggurat)

   [ring of wizardry]

   It improves your spell success rate.
   It affects your AC (+1).
   It affects your evasion (+1).
   It affects your strength (+1).
   It affects your intelligence (+1).
   It affects your dexterity (+1).
 D - a ring of the Octopus King {MP+9 AC+1 EV+1 Str+1 Int+1 Dex+1}
   (You found it on level 4 of a ziggurat)

   [ring of magical power]

   It affects your AC (+1).
   It affects your evasion (+1).
   It affects your strength (+1).
   It affects your intelligence (+1).
   It affects your dexterity (+1).
   It affects your magic capacity (+9).
 F - the ring of Shaolin (on tentacle) {EV+8}
   (You found it on level 27 of a ziggurat)

   [ring of evasion]

   It affects your evasion (+8).
 H - a ring of the Octopus King {AC+1 EV+1 Str+1 Int+1 Dex+1 Stlth+}
   (You found it on level 13 of a ziggurat)

   [ring of stealth]

   It affects your AC (+1).
   It affects your evasion (+1).
   It affects your strength (+1).
   It affects your intelligence (+1).
   It affects your dexterity (+1).
   It makes you more stealthy.
 O - a +6 ring of dexterity (right tentacle)
 P - a ring of the Octopus King {rN+ AC+1 EV+1 Str+1 Int+1 Dex+1}
   (You found it on level 15 of a ziggurat)

   [ring of positive energy]

   It affects your AC (+1).
   It affects your evasion (+1).
   It affects your strength (+1).
   It affects your intelligence (+1).
   It affects your dexterity (+1).
   It protects you from negative energy.
 W - the cursed ring of Xom's Displeasure (on tentacle) {rElec rF++ Int+3 Slay-3 Stlth-}
   (You found it on level 5 of the Lair of Beasts)

   [ring of loudness]

   It affects your intelligence (+3).
   It affects your accuracy and damage with ranged weapons and melee attacks
   (-3).
   It greatly protects you from fire.
   It insulates you from electricity.
   It makes you less stealthy.
   It has a curse placed upon it.
Magical devices
 u - a wand of heal wounds (6) {!d}
 B - a wand of heal wounds (2) {!d}
 N - a wand of heal wounds (5) {!d}
 V - a wand of teleportation (8) {!d}
Scrolls
 i - 19 scrolls of amnesia
 m - 25 scrolls of fog
 n - 44 scrolls of teleportation
 r - 82 scrolls of remove curse
 t - 23 scrolls of blinking {!r}
 y - 41 scrolls of identify
 L - 14 scrolls of recharging
 M - a scroll of holy word {!r}
 R - 8 scrolls of magic mapping
Potions
 e - 14 potions of haste
 h - 10 potions of resistance
 j - 13 potions of brilliance
 k - 9 potions of agility
 w - 7 potions of might
 z - 15 potions of restore abilities
 G - 16 potions of cancellation
 I - 59 potions of curing
 U - 46 potions of cure mutation {!q}
Miscellaneous
 l - a sack of spiders {used: 2}
 q - 6 phantom mirrors
 x - a phial of floods
 J - a phial of floods
 K - a box of beasts {used: 2}
 Q - a fan of gales (inert, charging)
 X - a phial of floods
 Z - a fan of gales
Comestibles
 d - 36 meat rations

Dungeon Overview and Level Annotations

Branches:
Dungeon (15/15)            Temple (1/1) D:7            Lair (8/8) D:10
  Swamp (5/5) Lair:4       Spider (5/5) Lair:5        Slime (6/6) Lair:8
    Orc (4/4) D:11            Elf (3/3) Orc:3        Vaults (5/5) D:13
  Crypt (3/3) Vaults:3       Tomb (3/3) Crypt:3      Depths (5/5) D:15
   Hell (1/1)                 Dis (7/7) Hell            Geh (7/7) Hell
    Coc (7/7) Hell            Tar (7/7) Hell            Zot (5/5) Depths:5

Altars:
Ashenzari
Cheibriados
Dithmenos
Elyvilon
Fedhas
Gozag
Kikubaaqudgha
Makhleb
Nemelex Xobeh
Okawaru
Qazlal
Ru
Sif Muna
Trog
Vehumet
Xom
Yredelemnul
Zin
The Shining One
Beogh
Lugonu

Shops:
D:7 }%   D:10 ?   D:12 ?   D:15 !   Orc:3 [   Orc:4 }=[(   Elf:1 }   Elf:2 ((
Vaults:1 [   Vaults:2 *!   Vaults:3 *(*   Depths:1 !   Depths:5 !

Portals:
Hell: Depths:1 Depths:2 Depths:3 Depths:5
Abyss: Depths:3 Depths:4
Pandemonium: Depths:1 Depths:2 Depths:3

Annotations:
D:3 hackum's ghost, average DDFi
D:5 Prince Ribbit
D:15 exclusion: orange crystal statue
Lair:5 runed door
Elf:2 runed door
Vaults:5 1 exclusion
Depths:3 runed door

.......#... ...
......2...... ...
3...e.e#ex..... ....
..#er2..e...(... ....
....4.ee.4eH..... ....
....)e31.4e....e.. ...
3....e)e)2e...(... ....
....#2re))..)...... ....
....BeE)e#Lx....... ....
....xx14))e........ .....
....#))B)e)........ . .....
..###)))x)4)..........###..
##))e)).X........# ##.
#.e).(..........# #.
##)))(...........## ##.
...###))))........e....###..
▓e##.).))).)................


You could see 5 deep elf blademasters, a Brimstone Fiend, a Shadow Fiend, a
reaper, 2 deep elf master archers, 2 deep elf annihilators, 2 blizzard demons, a
soul eater, 2 demonic crawlers, a shadow demon, 4 deep elf demonologists, 2
orange demons, a deep elf summoner, 5 deep elf high priests, a large
abomination, 2 rust devils, a chimera (hellephant, elephant, crocodile), a deep
elf priest, a red devil, a deep elf mage, 3 small abominations, 2 orange rats
and a friendly air elemental.


Message History

Unknown command.
Evoke which item? (* to show all) (? for menu, Esc to quit)
That item cannot be evoked!
Evoke which item? (* to show all) (? for menu, Esc to quit)
Zapping:
u - a wand of heal wounds (7) {!d} You feel much better.
This wand has 6 charges left.
The deep elf demonologist casts a spell.
The chimera (hellephant, elephant, crocodile) blinks!
You block the small abomination's attack.
The Brimstone Fiend hits your air elemental!
The Brimstone Fiend hits your air elemental.
The deep elf high priest mumbles some strange prayers to its god against you.
The hellfire explodes!
The burst of hellfire engulfs you!
* * * LOW HITPOINT WARNING * * *
The burst of hellfire engulfs the chaos spawn.
The chaos spawn dies!
The chaos spawn degenerates into a cloud of primal chaos!
The burst of hellfire engulfs the small abomination.
The burst of hellfire engulfs the deep elf blademaster.
The burst of hellfire engulfs the small abomination.
The small abomination is destroyed!
The burst of hellfire engulfs the small abomination.
The small abomination is destroyed!
The deep elf high priest calls down the wrath of its god upon you.
Something smites you!
* * * LOW HITPOINT WARNING * * *
The deep elf high priest calls down the wrath of its god upon you.
Something smites you!
You die...
Kikubaaqudgha rasps: "You have failed me!
Welcome... oblivion!"

Action                   |  1- 3 |  4- 6 |  7- 9 | 10-12 | 13-15 | 16-18 | 19-21 | 22-24 | 25-27 || total
-------------------------+-------+-------+-------+-------+-------+-------+-------+-------+-------++-------
Melee: Unarmed           |   105 |    61 |    36 |       |       |       |       |       |       ||   202
       Flail             |       |       |    49 |       |       |       |       |       |       ||    49
       Rapier            |       |       |   130 |    31 |       |       |       |       |       ||   161
       Dagger            |       |       |    74 |    10 |       |       |       |       |       ||    84
       Lance             |       |       |       |   430 |  1509 |  1727 |  1774 |  1792 | 24442 || 31674
 Fire: Blowgun           |       |       |       |     4 |    18 |       |       |       |       ||    22
Throw: Throwing net      |       |       |       |     2 |     5 |       |       |       |       ||     7
 Cast: Animate Skeleton  |    16 |    17 |    26 |    42 |    63 |    33 |    45 |    24 |    42 ||   308
       Pain              |    17 |    78 |   125 |     9 |       |       |       |       |       ||   229
       Vampiric Draining |     5 |    14 |    28 |    22 |    37 |     5 |     4 |       |       ||   115
       Regeneration      |       |       |    15 |     4 |    16 |    27 |    41 |    20 |    13 ||   136
       Animate Dead      |       |       |     6 |    55 |    95 |    94 |    71 |    53 |   328 ||   702
       Control Undead    |       |       |       |     9 |       |       |       |       |       ||     9
       Dispel Undead     |       |       |       |    22 |    13 |    14 |    69 |   156 |   367 ||   641
       Agony             |       |       |       |    30 |    73 |    55 |    58 |     9 |       ||   225
       Summon Butterflie |       |       |       |     2 |       |       |     4 |       |     5 ||    11
       Stoneskin         |       |       |       |       |    26 |    28 |    25 |     5 |     4 ||    88
       Simulacrum        |       |       |       |       |    55 |   102 |    54 |    26 |   428 ||   665
       Iskenderun's Myst |       |       |       |       |     6 |    18 |    20 |       |       ||    44
       Death Channel     |       |       |       |       |       |       |    12 |    12 |     6 ||    30
       Haste             |       |       |       |       |       |       |     9 |    10 |   123 ||   142
       Freezing Cloud    |       |       |       |       |       |       |       |     4 |    59 ||    63
       Orb of Destructio |       |       |       |       |       |       |       |     2 |   127 ||   129
       Necromutation     |       |       |       |       |       |       |       |       |  1189 ||  1189
       Cigotuvi's Embrac |       |       |       |       |       |       |       |       |    70 ||    70
       Repel Missiles    |       |       |       |       |       |       |       |       |     3 ||     3
       Glaciate          |       |       |       |       |       |       |       |       |   277 ||   277
       Fire Storm        |       |       |       |       |       |       |       |       |    98 ||    98
       Controlled Blink  |       |       |       |       |       |       |       |       |    81 ||    81
       Tornado           |       |       |       |       |       |       |       |       |    42 ||    42
       Deflect Missiles  |       |       |       |       |       |       |       |       |    31 ||    31
       Spellforged Servi |       |       |       |       |       |       |       |       |    11 ||    11
       Borgnjor's Revivi |       |       |       |       |       |       |       |       |     7 ||     7
       Haunt             |       |       |       |       |       |       |       |       |     5 ||     5
       Recall            |       |       |       |       |       |       |       |       |     1 ||     1
Invok: Receive Corpses   |       |       |       |    11 |    24 |    23 |    21 |    18 |   162 ||   259
       Torment           |       |       |       |       |     2 |     1 |     1 |     1 |       ||     5
 Abil: End Transformatio |       |       |       |       |       |       |       |       |    73 ||    73
Evoke: Wand              |       |       |     3 |    10 |     3 |     5 |     4 |     1 |    81 ||   107
       Staff of energy   |       |       |       |       |       |       |       |       |  3994 ||  3994
       Phial of floods   |       |       |       |       |       |       |       |       |    13 ||    13
       Box of beasts     |       |       |       |       |       |       |       |       |    12 ||    12
       Fan of gales      |       |       |       |       |       |       |       |       |    11 ||    11
       Phantom mirror    |       |       |       |       |       |       |       |       |    10 ||    10
       Disc of storms    |       |       |       |       |       |       |       |       |     7 ||     7
       Sack of spiders   |       |       |       |       |       |       |       |       |     5 ||     5
  Use: Scroll            |     2 |    10 |    12 |    22 |    17 |    15 |    19 |    14 |   227 ||   338
       Potion            |       |       |       |     3 |     2 |    11 |     3 |    11 |   122 ||   152
 Stab: Sleeping          |     8 |       |    12 |    21 |    29 |    11 |    17 |    11 |    55 ||   164
       Distracted        |       |     1 |     2 |     7 |    17 |    29 |    29 |    33 |   265 ||   383
       Confused          |       |       |     1 |       |       |       |       |       |       ||     1
       Held in net/web   |       |       |       |       |     5 |       |       |       |     1 ||     6
       Betrayed ally     |       |       |       |       |     1 |       |       |       |       ||     1
       Petrifying        |       |       |       |       |       |       |       |       |    12 ||    12
       Petrified         |       |       |       |       |       |       |       |       |     7 ||     7
       Invisible         |       |       |       |       |       |       |       |       |     3 ||     3
  Eat: Chunk             |     5 |    14 |    12 |    34 |    70 |    63 |    51 |    21 |    11 ||   281
       Royal jelly       |       |       |     1 |     1 |     2 |     1 |     2 |       |       ||     7
       Beef jerky        |       |       |     5 |       |     2 |     1 |       |     2 |     5 ||    15
       Fruit             |       |       |     1 |     1 |     5 |     5 |       |     1 |       ||    13
       Pizza             |       |       |     1 |       |     3 |       |     1 |     2 |     2 ||     9
       Bread ration      |       |       |       |     2 |       |     7 |     5 |     5 |    13 ||    32
       Meat ration       |       |       |       |     1 |     1 |       |     1 |     2 |    13 ||    18

Vault maps used:
D:1:      evilmike_arrival_crescent
D:2:      gammafunk_temple_overflow_claw
D:3:      first_bread, kennysheep_jessica_study, uniq_jessica
D:4:      forest_paths, nicolae_dithmenos_shadow_blocks
D:5:      uniq_prince_ribbit1, uniq_menkaure
D:6:      grunt_temple_overflow_champion_of_chaos,
          nicolae_ossuary_entry_catacombs, uniq_pikel
D:7:      grunt_temple_overflow_growth_and_decay, minmay_temple_entry_glass,
          serial_shops, shop, nicolae_shop_waterfront, kennysheep_crisscross,
          uniq_blork_the_orc, uniq_edmund, uniq_sigmund
D:8:      minmay_cut_squares, nicolae_overflow_hidden_temple, enter_bailey_2,
          uniq_eustachio
D:9:      gammafunk_temple_overflow_wave, hangedman_fish_farm
D:10:     grunt_lair_entry_elf_guard_hut, serial_shops, shop,
          lemuel_statue_altar
D:11:     orc_0_dummy, lab_entry_generic
D:12:     serial_shops, shop, kennysheep_cross_room, lightli_swarmer
D:13:     david_vaults_3, basic_altar, uniq_fannar, uniq_erolcha, uniq_josephine
D:14:     grunt_decor_arrowhead, uniq_louise, uniq_kirke
D:15:     grunt_enter_depths_giant_problem, serial_shops, shop_fountains,
          minivault_16, uniq_nessos
Temple:   minmay_temple_bridge_a_8
Lair:2:   uniq_harold
Lair:4:   swamp_mist, minivault_29, uniq_erica
Lair:5:   nicolae_spider_entry_tight_spaces, pf_torpor_hydra
Lair:6:   serial_bayou_pond_b, minmay_holes, st_stairs_13, lemuel_fruit_fields
Lair:7:   beast_lair_carwin_large_2, nicolae_volcano_entry_lava_flow
Lair:8:   due_jungle_book, minmay_slime_entry_pillars, grunt_megastairs_3
Swamp:1:  serial_swamp_ruin, evilmike_swamp_ruin_house_3,
          evilmike_swamp_ruin_house_1, evilmike_swamp_ruin_house_4,
          nicolae_swamp_round_clearing, swamp_pool3, infiniplex_staircase_pool
Swamp:2:  hangedman_swamp_blocks, uniq_wiglaf
Swamp:3:  hangedman_swamp_lotus, uniq_norris
Swamp:4:  evilmike_swamp_ruin_house_6, uniq_agnes
Swamp:5:  swamp_old_school
Spider:1: uniq_roxanne, uniq_snorg
Spider:2: spider_trap, uniq_frances
Spider:4: uniq_nikola
Spider:5: grunt_spider_rune_parallel, worms_lemuel
Slime:3:  nicolae_slime_round_cave
Slime:4:  nicolae_slime_phagocytosis
Slime:6:  uniq_dissolution
Orc:2:    mumra_transporter_accident
Orc:3:    serial_shops, shop, nicolae_orc_pool_cavern
Orc:4:    basic_altar, st_orc_elflike, minmay_orc_temple_b, uniq_nergalle
Elf:1:    minmay_elf_crystal_heptagon, portal_ice_cave_entry_frozen_things,
          serial_shops, shop, special_room, hangedman_elven_crosses_minicolossus
Elf:2:    serial_shops, nicolae_shop_crystal, nicolae_shop_waterfront,
          serial_glass, glass_columns_a, glass_columns_c, minivault_27
Elf:3:    minmay_elf_hall_dome, serial_shops, freezing_bzr,
          guppyfry_library_mini
Vaults:1: v_misc_3, v_misc_10, v_misc_17, nicolae_vaults_sealed_display,
          nicolae_vaults_theta, vaults_mumra_minichess, v_pattern_4,
          serial_shops, shop, basic_altar
Vaults:2: vaults_room_mumra_shop_pool, nicolae_vaults_little_squares_5,
          v_misc_3, grunt_vaults_twisty, hangedman_vaults_locks,
          nicolae_vaults_windows_and_doors_thing, v_alt_pattern_2, v_misc_27,
          grunt_vaults_bifocal, nicolae_vaults_little_squares_6, st_cells,
          nicolae_vaults_little_squares_6, vaults_dpeg_ring,
          nicolae_vaults_little_squares_1, nicolae_vaults_rhombus_5,
          serial_shops, nicolae_shop_crystal
Vaults:3: blue_anna_dwarven_crypt, vaults_room_door_ring, v_misc_18,
          ontoclasm_vaults_chip, nicolae_vaults_little_squares_4,
          nicolae_vaults_mini_display_case, v_misc_32, vaults_standard_mumra_x,
          nicolae_vaults_ring_of_whatevers, ontoclasm_vaults_chip,
          vaults_room_pools, serial_shops, shop, shop, nicolae_shop_stone
Vaults:4: nicolae_vaults_hallways_thing, nicolae_vaults_shelves_hall,
          v_pattern_5, v_misc_9, nicolae_vaults_theta,
          nicolae_vaults_little_squares_6, ontoclasm_vaults_ring_large,
          v_alt_pattern_6, vaults_room_large_hall, vaults_mumra_lcd,
          ontoclasm_vaults_decontamination, dpeg_vaults_monster_box,
          vaults_dpeg_encased_lava, nicolae_vaults_angled_halls, uniq_boris,
          uniq_mennas, uniq_frederick
Vaults:5: serial_shops, uniq_sojobo
Crypt:1:  special_room, lemuel_mausoleum_altar_kikubaaqudgha
Crypt:2:  special_room, crypt_curse_skull, mu_enter_wizlab_6, lemuel_elevator
Crypt:3:  grunt_crypt_end_deaths_head
Depths:1: enter_ziggurat_b, rand_demon_pan_entry_4, pf_coc_iceberg,
          nicolae_trove_entry_path_of_doom, serial_shops, shop,
          hangedman_abyss_or_decor_jellyfish_corner, minmay_door_square,
          kennysheep_generic_room_12, serial_bayou_shore_a, uniq_mara,
          uniq_enchantress, uniq_asterion
Depths:2: wad_lake_hut, rand_demon_pan_entry_5, hell_entry,
          minmay_misc_feat_plants, uniq_jorgrun
Depths:3: evilmike_makhleb_hellhole, grunt_pan_entry_spiral, kennysheep_nub,
          abyss_entry_crystal, pf_hell_entry_great_geh
Depths:4: minmay_dotted_concentric_squares, abyss_entry_flame_altar,
          hellmouth_1, serial_bayou_pond_d
Depths:5: grunt_zot_entry_hairpin, minmay_misc_feat_tower, serial_shops, shop,
          grunt_metal_band, serial_bayou_shore_b
Dis:4:    grunt_dis_stairs_iron_hall
Dis:6:    grunt_megastairs_2
Dis:7:    iron_city_of_dis, nrook_loot_triangle
Geh:1:    nicolae_geh_single_fiery_grave
Geh:2:    lemuel_flamethrower_3
Geh:4:    gehenna_fire_generator
Geh:6:    nicolae_geh_single_fiery_grave
Geh:7:    geh_grunt
Coc:2:    lemuel_elevator
Coc:6:    grunt_deathspiral_small
Coc:7:    coc_hangedman
Tar:1:    nicolae_tar_cuneiform_bird, nicolae_tar_cuneiform_heaven,
          nicolae_tar_cuneiform_bread
Tar:7:    tar_mu
Zot:1:    grunt_zot_stairs_overgrown
Zot:2:    lemuel_flame_loot_1, basic_stair_grate_trap
Zot:3:    nicolae_zot_stationary_front
Zot:5:    hangedman_zot_decor_scrapings
Abyss:2:  minivault_27
Abyss:4:  grunt_abyss_rune_sword_and_sorcery
Pan:      rand_demon_1, pan_blood_fountain, nicolae_pan_cerebovesque_2,
          rand_demon_6, grunt_pan_in_and_out, pan_blood_fountain_small,
          rand_demon_9, nicolae_pan_door_chamber, nicolae_pan_double_arrow,
          pan_blood_fountain_2, nicolae_pan_sigil_itan, nicolae_pan_giant_door,
          pan_blood_fountain_2, pan_blood_fountain_small, rand_demon_6,
          nicolae_pan_lom_lobonic_3, evilmike_mini_pan_T,
          pan_blood_fountain_small, rand_demon_8, nicolae_pan_mnolegish_3,
          nicolae_pan_sigil_itan, rand_demon_6, pan_blood_fountain,
          grunt_pan_frozen_over, pan_blood_fountain, evilmike_mini_pan_3x3,
          enter_ziggurat_pan_d, evilmike_mini_pan_3x3, grunt_pan_zigzag,
          evilmike_mini_pan_3x3, rand_demon_4, pan_blood_fountain_2,
          reaverb_pan_chaos_star, evilmike_mini_pan_layers,
          pan_blood_fountain_small, lom_lobon, evilmike_mini_pan_T,
          uniq_lom_lobon, pan_blood_fountain_small, grunt_pan_pentagram,
          evilmike_mini_pan_corridor, pan_blood_fountain,
          pan_blood_fountain_small, nicolae_pan_mnolegish_1,
          evilmike_mini_pan_layers, reaverb_pan_squares, evilmike_mini_pan_3x3,
          enter_ziggurat_pan_c, nicolae_pan_diamonds, uniq_lom_lobon,
          nicolae_pan_door_chamber, evilmike_mini_pan_doors_b,
          enter_ziggurat_pan_b, pan_blood_fountain, rand_demon_3,
          grunt_pan_zigzag, evilmike_mini_pan_corner, grunt_pan_sceptre,
          nicolae_pan_mnolegish_4, evilmike_mnoleg_eyes,
          evilmike_mini_pan_pillars, nicolae_pan_sigil_uleosi, rand_demon_6,
          lemuel_hellion_island, pan_blood_fountain_2, lemuel_draining_boxes,
          cerebov_grunt, nicolae_pan_mnolegish_5, grunt_pan_sceptre,
          evilmike_mini_pan_corner, gloorx_vloq_st,
          evilmike_mini_pan_possible_glass, pan_blood_fountain_small,
          enter_ziggurat_pan_a, nicolae_pan_mnolegish_3,
          evilmike_mini_pan_thingy, evilmike_mini_pan_doors_b, pan_disco_hall,
          evilmike_mini_pan_pillars_b, evilmike_holy_pan,
          evilmike_mini_pan_doors_b, pan_blood_fountain_small,
          nicolae_pan_diamonds, nicolae_pan_sigil_nadil, grunt_pan_spiral,
          rand_demon_5, evilmike_mini_pan_T, evilmike_mini_pan_diamond,
          rand_demon_5, pan_blood_fountain_small, evilmike_mini_pan_doors_b,
          nicolae_pan_door_chamber, pan_blood_fountain_small, rand_demon_4,
          nicolae_pan_mnolegish_5, evilmike_mini_pan_thingy, rand_demon_6,
          nicolae_pan_double_arrow, pan_blood_fountain_2, grunt_pan_pentagram,
          evilmike_mini_pan_pillars_b, rand_demon_3, pan_captured_pigsty,
          nicolae_pan_glass_arcs, pan_blood_fountain_small, grunt_pan_sceptre,
          nicolae_pan_glass_arcs, lemuel_hall_of_pain, nicolae_pan_giant_door,
          pan_blood_fountain_2, rand_demon_7, pan_blood_fountain_small,
          rand_demon_1, evilmike_mini_pan_diamond, pan_blood_fountain,
          nicolae_pan_diamonds, nicolae_pan_mnolegish_3, grunt_pan_zigzag,
          evilmike_mini_pan_T, pan_blood_fountain_small,
          nicolae_pan_sigil_uleosi, grunt_pan_zigzag, rand_demon_4,
          nicolae_pan_mnolegish_5, evilmike_mini_pan_doors_b, rand_demon_6,
          pan_blood_fountain_small, rand_demon_8, grunt_pan_spiral,
          enter_ziggurat_pan_d, pan_surprise, evilmike_mini_pan_corner,
          nicolae_pan_lom_lobonic_3, grunt_pan_pentagram, rand_demon_5,
          nicolae_pan_mnolegish_1, rand_demon_8, pan_blood_fountain_small,
          evilmike_mini_pan_V, pan_blood_fountain_small, rand_demon_2,
          evilmike_mini_pan_corridor, pan_blood_fountain,
          nicolae_pan_gloorx_vloqian_1, rand_demon_8, evilmike_mini_pan_pillars,
          nicolae_pan_mnolegish_1, evilmike_mini_pan_pillars_b, rand_demon_8,
          nicolae_pan_giant_door, nicolae_pan_cerebovesque_1,
          evilmike_mini_pan_doors, nicolae_pan_glass_arcs, rand_demon_4,
          enter_ziggurat_pan_a
Zig:4:    ziggurat_pillar_centre_c
Zig:5:    ziggurat_loot_3
Zig:7:    ziggurat_pillar_centre_k
Zig:10:   ziggurat_pillar_centre_smoke
Zig:12:   ziggurat_pillar_centre_oklobs, ziggurat_loot_2
Zig:13:   ziggurat_pillar_centre_drop, ziggurat_loot_3
Zig:15:   ziggurat_pillar_centre_dead_trees
Zig:20:   ziggurat_loot_3
Zig:21:   ziggurat_loot_1
Lab:      labyrinth_mini_lab
Bazaar:   bazaar_minmay_cross
Trove:    trove_jewel_1
Ossuary:  ossuary_tomb_1
Bailey:   bailey_axe_1, bailey
IceCv:    ice_cave_tombish
Volcano:  volcano_tomb
WizLab:   wizlab_zonguldrok

Notes
Turn   | Place    | Note
--------------------------------------------------------------
     0 | D:1      | RobertPalmer, the Octopode Necromancer, began the quest for the Orb.
     0 | D:1      | Reached XP level 1. HP: 11/11 MP: 3/3
    32 | D:1      | Learned a level 1 spell: Animate Skeleton
   242 | D:1      | Reached XP level 2. HP: 6/17 MP: 2/4
  1153 | D:2      | Reached XP level 3. HP: 21/21 MP: 6/6
  1195 | D:2      | Learned a level 3 spell: Vampiric Draining
  1462 | D:2      | Reached skill level 5 in Necromancy
  2210 | D:2      | Found a shattered altar of Ashenzari.
  2210 | D:2      | Found a bloodstained altar of Trog.
  2211 | D:2      | Found a glowing silver altar of Zin.
  2312 | D:2      | Reached XP level 4. HP: 27/27 MP: 7/7
  2775 | D:1      | Reached skill level 6 in Necromancy
  2926 | D:2      | Reached XP level 5. HP: 27/31 MP: 3/9
  3521 | D:3      | Noticed hackum's ghost (average DDFi)
  4129 | D:2      | Reached skill level 7 in Necromancy
  4265 | D:2      | Learned a level 3 spell: Regeneration
  4409 | D:4      | Reached XP level 6. HP: 31/36 MP: 4/10
  4992 | D:4      | Found a shadowy altar of Dithmenos.
  5008 | D:4      | Reached skill level 3 in Dodging
  5206 | D:4      | Noticed an ogre
  5671 | D:4      | Killed an ogre
  5671 | D:4      | Reached skill level 4 in Dodging
  5671 | D:4      | Reached XP level 7. HP: 38/41 MP: 2/12
  5881 | D:4      | Reached skill level 5 in Dodging
  5902 | D:4      | HP: 4/41 [orc/short sword (7)]
  6192 | D:4      | Noticed a phantom
  6504 | D:5      | Entered Level 5 of the Dungeon
  6528 | D:5      | Noticed Menkaure
  6797 | D:5      | Reached skill level 6 in Dodging
  6961 | D:5      | Noticed Prince Ribbit
  7571 | D:6      | Noticed hackum's ghost (experienced DDFi)
  7793 | D:6      | Reached XP level 8. HP: 42/46 MP: 11/13
  7798 | D:6      | Reached skill level 7 in Dodging
  7860 | D:6      | Found a sand-covered staircase.
  7865 | Ossuary  | Entered an ossuary
  8328 | D:6      | Reached skill level 8 in Dodging
  8528 | D:6      | Reached skill level 9 in Dodging
  8825 | D:6      | Reached skill level 3 in Spellcasting
  8876 | D:6      | Learned a level 4 spell: Animate Dead
  8882 | D:6      | Found a burning altar of Makhleb.
  8882 | D:6      | Found a shimmering altar of Xom.
  8887 | D:6      | Reached XP level 9. HP: 51/51 MP: 16/18
  9250 | D:5      | Killed Menkaure
  9250 | D:5      | Reached skill level 4 in Spellcasting
  9410 | D:7      | Found a staircase to the Ecumenical Temple.
  9439 | Temple   | Entered the Ecumenical Temple
  9502 | D:7      | Got a brightly glowing falchion
  9511 | D:7      | Noticed Sigmund
  9516 | D:6      | Identified the +6 falchion of Qizuoch {venom, -Cast +Rage Int-2} (You found it on level 7 of the Dungeon)
  9719 | D:6      | Noticed a hungry ghost
  9742 | D:7      | Killed Sigmund
  9742 | D:7      | Reached skill level 5 in Spellcasting
  9770 | D:7      | Noticed Edmund
  9783 | D:7      | Killed Edmund
  9818 | D:7      | Found an ancient bone altar of Kikubaaqudgha.
  9819 | D:7      | Found a blossoming altar of Fedhas.
  9831 | D:7      | Became a worshipper of Kikubaaqudgha
  9979 | D:7      | Your ally Sigmund died
 10276 | D:7      | Reached skill level 6 in Spellcasting
 10573 | D:7      | Found Pneck's Gadget Shop.
 10627 | D:7      | Noticed Blork the orc
 10637 | D:7      | Killed Blork the orc
 10640 | D:7      | Reached skill level 7 in Spellcasting
 10908 | D:7      | Found Vecsaiv's Food Boutique.
 11108 | D:7      | Learned a level 1 spell: Summon Butterflies
 11113 | D:7      | Learned a level 4 spell: Control Undead
 11120 | D:8      | Found a flagged portal.
 11124 | D:8      | Got a jewelled hand axe
 11125 | D:8      | Identified the cursed -2 hand axe "Bucwown" {flame, Int+1 Stlth++} (You found it on level 8 of the Dungeon)
 11131 | D:8      | Noticed Eustachio
 11131 | Bailey   | Entered a bailey
 11336 | Bailey   | Acquired Kikubaaqudgha's first power
 11345 | Bailey   | Received a gift from Kikubaaqudgha
 11357 | Bailey   | Identified Kikubaaqudgha's Guide on Black Magic (Kikubaaqudgha gifted it to you in a bailey)
 11572 | Bailey   | Reached skill level 8 in Necromancy
 11572 | Bailey   | Reached XP level 10. HP: 31/56 MP: 2/25
 11614 | Bailey   | Acquired Kikubaaqudgha's second power
 11963 | D:8      | Reached skill level 1 in Polearms
 11964 | D:8      | Noticed a skeletal warrior
 12191 | D:8      | Killed Eustachio
 12191 | D:8      | Reached skill level 2 in Polearms
 12477 | D:8      | Reached skill level 3 in Polearms
 12734 | D:9      | Reached skill level 4 in Polearms
 12962 | D:9      | Reached skill level 5 in Polearms
 13173 | D:9      | Reached skill level 6 in Polearms
 13279 | D:9      | Received a gift from Kikubaaqudgha
 13280 | D:9      | Identified Kikubaaqudgha's Catalogue of Necromancy (Kikubaaqudgha gifted it to you on level 9 of the Dungeon)
 13291 | D:9      | Learned a level 5 spell: Dispel Undead
 13297 | D:9      | Learned a level 5 spell: Agony
 13431 | D:9      | Reached skill level 7 in Polearms
 13539 | D:9      | Found an iron altar of Okawaru.
 13539 | D:9      | Found a basalt altar of Yredelemnul.
 13873 | D:8      | Found a radiant altar of Vehumet.
 13914 | D:8      | Killed a skeletal warrior
 13914 | D:8      | Reached skill level 8 in Polearms
 13919 | D:8      | Got a pitted platinum ring
 13924 | D:8      | Identified the ring "Plicos" {rPois rC+} (You took it off a skeletal warrior on level 8 of the Dungeon)
 14077 | D:8      | Found a shadowy altar of Dithmenos.
 14235 | D:8      | Reached XP level 11. HP: 57/61 MP: 26/26
 14420 | D:10     | Entered Level 10 of the Dungeon
 14447 | D:10     | Noticed a hill giant
 14498 | D:9      | Noticed a wizard
 14528 | D:9      | Killed a wizard
 14528 | D:9      | Reached skill level 9 in Polearms
 14567 | D:10     | Noticed a hill giant
 14623 | D:10     | Found Pnaroen's Magic Scroll Shop.
 14696 | D:10     | Noticed hackum's ghost (experienced DDFi)
 14821 | D:10     | Killed a hill giant
 14821 | D:10     | Reached skill level 9 in Necromancy
 14847 | D:10     | Noticed a hill giant
 14862 | D:10     | Killed a hill giant
 14862 | D:10     | Acquired Kikubaaqudgha's third power
 15024 | D:10     | Killed a hill giant
 15129 | D:10     | Reached skill level 10 in Necromancy
 15290 | D:10     | Bought 2 scrolls of identify for 48 gold pieces
 15290 | D:10     | Bought a scroll of amnesia for 42 gold pieces
 15290 | D:10     | Bought a scroll of identify for 24 gold pieces
 15290 | D:10     | Bought a scroll of identify for 24 gold pieces
 15290 | D:10     | Bought a scroll of identify for 24 gold pieces
 15290 | D:10     | Bought a scroll of identify for 24 gold pieces
 15290 | D:10     | Bought a scroll of amnesia for 42 gold pieces
 15295 | D:10     | Identified a potion of resistance
 15396 | D:10     | Killed hackum's ghost
 15682 | D:10     | Found a staircase to the Lair.
 15689 | D:10     | Acquired Kikubaaqudgha's fourth power
 15792 | D:11     | Noticed an orc knight
 15824 | D:11     | Identified a scroll of acquirement
 15901 | D:11     | Noticed RobertPalmer's ghost (powerful OpNe)
 15904 | D:11     | Killed RobertPalmer's ghost
 15904 | D:11     | Reached skill level 2 in Shields
 15973 | D:11     | Noticed nht's ghost (powerful OgBe)
 15994 | D:11     | Found a labyrinth entrance.
 16002 | Lab      | Entered a labyrinth
 16388 | Lab      | Noticed a minotaur
 16416 | Lab      | Killed a minotaur
 16416 | Lab      | Reached skill level 4 in Shields
 16418 | Lab      | Got a bound sapphire amulet
 16597 | D:11     | Found a staircase to the Orcish Mines.
 16713 | D:11     | Killed an orc knight
 16713 | D:11     | Reached skill level 5 in Shields
 16796 | D:11     | Noticed a hill giant
 16809 | D:11     | Killed a hill giant
 16809 | D:11     | Reached XP level 12. HP: 66/66 MP: 21/27
 16819 | D:11     | Got a fine whip
 16962 | D:11     | Killed nht's ghost
 16962 | D:11     | Reached skill level 11 in Necromancy
 17265 | D:6      | Noticed Pikel
 17273 | D:6      | Killed a hungry ghost
 17293 | D:6      | Killed Pikel
 17462 | D:6      | Killed hackum's ghost
 17599 | Lair:1   | Entered Level 1 of the Lair of Beasts
 17814 | Lair:1   | Reached skill level 12 in Necromancy
 18030 | Lair:1   | Identified Cigotuvi's Almanac of Transmigration
 18467 | Lair:2   | Identified the amulet "Mnykir" {+Rage Str+1 Int+4} (You took it off a minotaur in a labyrinth)
 18468 | Lair:2   | Identified the +2 whip "Asoic" {flame, Int-1} (You found it on level 11 of the Dungeon)
 18655 | Lair:2   | Noticed Harold
 18676 | Lair:2   | Killed Harold
 19011 | Lair:2   | Reached skill level 13 in Necromancy
 19052 | Lair:2   | Noticed an eight-headed hydra
 19096 | Lair:2   | Killed an eight-headed hydra
 19949 | Lair:3   | Reached skill level 14 in Necromancy
 19971 | Lair:3   | Reached XP level 13. HP: 61/71 MP: 24/28
 20569 | Lair:4   | Noticed Erica
 20645 | Lair:4   | Killed Erica
 20681 | Lair:4   | Found a staircase to the Swamp.
 21174 | Lair:4   | Reached skill level 15 in Necromancy
 21846 | Lair:5   | Found a hole to the Spider Nest.
 21891 | Lair:5   | Reached skill level 8 in Spellcasting
 22224 | Lair:5   | Found a runed door.
 22380 | Lair:5   | Reached skill level 9 in Spellcasting
 22391 | Lair:5   | Got a shimmering marble ring
 22395 | Lair:5   | Identified the ring of Xom's Displeasure {rElec rF++ Int+3 Slay-3 Stlth-} (You found it on level 5 of the Lair of Beasts)
 22498 | Lair:5   | Identified a wand of heal wounds (You found it on level 5 of the Lair of Beasts)
 22997 | Lair:6   | Learned a level 6 spell: Simulacrum
 23000 | Lair:6   | Learned a level 2 spell: Stoneskin
 23087 | Lair:6   | Upgraded the game from 0.16-a0-2652-gd333f3b to 0.16-a0-2675-g216447c
 23318 | Lair:6   | Reached skill level 1 in Ice Magic
 23486 | Lair:7   | Found a dark tunnel.
 23514 | Volcano  | Entered a volcano
 23559 | Volcano  | Reached skill level 2 in Ice Magic
 23788 | Lair:7   | Reached skill level 3 in Ice Magic
 23834 | Lair:7   | Reached skill level 4 in Ice Magic
 24028 | Lair:7   | Reached XP level 14. HP: 76/76 MP: 16/31
 24036 | Lair:7   | Reached skill level 5 in Ice Magic
 24440 | Lair:7   | Reached skill level 6 in Ice Magic
 25024 | Lair:7   | Reached skill level 7 in Ice Magic
 25287 | Lair:7   | Reached skill level 8 in Ice Magic
 25592 | Lair:7   | Reached skill level 1 in Fighting
 25600 | Lair:7   | Reached skill level 2 in Fighting
 25852 | Lair:8   | Entered Level 8 of the Lair of Beasts
 26208 | Lair:8   | Reached skill level 3 in Fighting
 26683 | Lair:8   | Reached skill level 10 in Spellcasting
 26952 | Lair:8   | Found a staircase to the Slime Pits.
 27520 | Lair:8   | Reached skill level 11 in Spellcasting
 28754 | D:12     | Learned a level 4 spell: Iskenderun's Mystic Blast
 28835 | D:12     | Reached skill level 1 in Conjurations
 28991 | D:12     | Reached skill level 2 in Conjurations
 29069 | D:12     | Found Thosaec's Magic Scroll Boutique.
 29077 | D:12     | Bought a scroll of identify for 34 gold pieces
 29077 | D:12     | Bought a scroll of identify for 34 gold pieces
 29077 | D:12     | Bought 3 scrolls of teleportation for 153 gold pieces
 29077 | D:12     | Bought a scroll of blinking for 127 gold pieces
 29319 | D:12     | Reached skill level 3 in Conjurations
 29361 | D:12     | Identified a wand of teleportation (You found it on level 12 of the Dungeon)
 29499 | D:12     | Reached XP level 15. HP: 48/88 MP: 12/34
 29554 | D:12     | Reached skill level 4 in Conjurations
 29637 | D:13     | Found a gate to the Vaults.
 29637 | D:13     | Noticed Donald
 29690 | D:13     | Reached skill level 5 in Conjurations
 29699 | D:13     | Killed Donald
 29765 | D:13     | Reached skill level 6 in Conjurations
 30012 | D:13     | Noticed Fannar
 30032 | D:13     | Killed Fannar
 30099 | D:13     | Noticed Erolcha
 30108 | D:13     | Killed Erolcha
 30136 | D:13     | Noticed Josephine
 30152 | D:13     | Reached skill level 7 in Conjurations
 30155 | D:13     | Killed Josephine
 30241 | D:13     | Found an ancient bone altar of Kikubaaqudgha.
 30796 | D:14     | Reached skill level 8 in Conjurations
 30997 | D:14     | Noticed Kirke
 31030 | D:14     | Killed Kirke
 31156 | D:14     | Reached skill level 9 in Conjurations
 31430 | D:14     | Noticed Louise
 31844 | D:15     | Entered Level 15 of the Dungeon
 31853 | D:15     | Reached skill level 4 in Fighting
 32119 | D:15     | Found a staircase to the Depths.
 32119 | D:15     | Noticed a fire giant
 32132 | D:15     | Killed a fire giant
 32132 | D:15     | Reached skill level 5 in Fighting
 32155 | D:15     | Found Noepn's Distillery.
 32174 | D:15     | Bought a potion of curing for 39 gold pieces
 32174 | D:15     | Bought 2 potions of curing for 78 gold pieces
 32174 | D:15     | Bought a potion of haste for 130 gold pieces
 32174 | D:15     | Bought a potion of curing for 39 gold pieces
 32343 | D:15     | Killed Louise
 32363 | D:15     | Reached skill level 6 in Fighting
 32713 | D:15     | Noticed Nessos
 32721 | D:15     | Killed Nessos
 33350 | D:15     | Reached skill level 7 in Fighting
 33897 | Orc:1    | Entered Level 1 of the Orcish Mines
 34962 | Orc:3    | Found a staircase to the Elven Halls.
 35419 | Orc:4    | Entered Level 4 of the Orcish Mines
 35468 | Orc:4    | Found an iron altar of Okawaru.
 35833 | Orc:4    | Noticed Nergalle
 35939 | Orc:4    | Reached skill level 8 in Fighting
 35977 | Orc:4    | Killed Nergalle
 35989 | Orc:4    | Reached XP level 16. HP: 91/106 MP: 13/34
 36088 | Orc:4    | Your ally Nergalle died
 36167 | Orc:3    | Found Grakaban's Antique Armour Shoppe.
 36632 | Orc:4    | Reached skill level 9 in Fighting
 36878 | Orc:4    | Found Zeqoqoamo's Jewellery Shop.
 36904 | Orc:4    | Found Hiotsiew's Antique Weapon Emporium.
 36908 | Orc:4    | Found Ruiliul's Armour Emporium.
 36910 | Orc:4    | Found Alarph's Gadget Shop.
 37082 | Orc:4    | Found a roughly hewn altar of Beogh.
 37671 | Spider:1 | Entered Level 1 of the Spider Nest
 38217 | Orc:4    | Bought an uncursed ring of see invisible for 195 gold pieces
 38762 | Spider:1 | Reached skill level 10 in Fighting
 38926 | Spider:1 | Noticed Roxanne
 39001 | Spider:1 | Noticed Snorg
 39001 | Spider:1 | Killed Snorg
 39048 | Spider:1 | Your ally Snorg died
 39477 | Spider:1 | Reached skill level 10 in Conjurations
 39967 | Spider:1 | Killed Roxanne
 39970 | Spider:1 | Identified Roxanne's Tome of Shifting Stones (You took it off Roxanne on level 1 of the Spider Nest)
 40269 | Spider:2 | Noticed Frances
 40676 | Spider:2 | Killed Frances
 40794 | Spider:2 | Reached skill level 11 in Conjurations
 42052 | Spider:4 | Reached skill level 12 in Conjurations
 42082 | Spider:4 | Noticed Nikola
 42100 | Spider:4 | Killed Nikola
 42966 | Spider:5 | Entered Level 5 of the Spider Nest
 43121 | Spider:5 | Got a transparent shield
 43132 | Spider:5 | Identified the cursed -3 shield of Licli {rElec rF++} (You found it on level 5 of the Spider Nest)
 43312 | Spider:5 | Reached skill level 13 in Conjurations
 43368 | Spider:5 | Reached XP level 17. HP: 88/115 MP: 31/35
 44115 | Spider:5 | Reached skill level 10 in Dodging
 44207 | Spider:5 | Got a gossamer rune of Zot
 44748 | Swamp:1  | Entered Level 1 of the Swamp
 44774 | Swamp:1  | Reached skill level 11 in Dodging
 46045 | Swamp:2  | Reached skill level 12 in Dodging
 46081 | Swamp:2  | Noticed Wiglaf
 46091 | Swamp:2  | Killed Wiglaf
 46834 | Swamp:3  | Noticed Norris
 46858 | Swamp:3  | Killed Norris
 47152 | Swamp:3  | Reached skill level 13 in Dodging
 47468 | Swamp:4  | Noticed Agnes
 47481 | Swamp:4  | Killed Agnes
 48145 | Swamp:5  | Entered Level 5 of the Swamp
 48196 | Swamp:5  | Reached XP level 18. HP: 104/120 MP: 35/36
 48306 | Swamp:5  | Noticed the 27-headed Lernaean hydra
 48312 | Swamp:5  | Reached skill level 10 in Polearms
 48313 | Swamp:5  | Killed the 27-headed Lernaean hydra
 48384 | Swamp:5  | Got a decaying rune of Zot
 48659 | Swamp:5  | Reached skill level 11 in Polearms
 49364 | D:11     | Learned a level 1 spell: Apportation
 49437 | Vaults:1 | Entered Level 1 of the Vaults
 49691 | Vaults:1 | Found a white marble altar of Elyvilon.
 49921 | Vaults:1 | Reached skill level 12 in Polearms
 50251 | D:13     | Received a gift from Kikubaaqudgha
 50593 | Vaults:1 | Found Getebon's Armour Boutique.
 50829 | Vaults:1 | Reached skill level 11 in Fighting
 52084 | Vaults:1 | Reached skill level 12 in Fighting
 52563 | Vaults:2 | Reached skill level 13 in Fighting
 52563 | Vaults:2 | Reached XP level 19. HP: 132/134 MP: 32/36
 54229 | Vaults:2 | Reached skill level 14 in Fighting
 54280 | Vaults:2 | Found Edo Tano's General Store.
 54664 | Vaults:2 | Noticed a Brimstone Fiend
 55070 | Vaults:2 | Found Khahulah's Distillery.
 55078 | Vaults:2 | Bought a potion of heal wounds for 90 gold pieces
 55078 | Vaults:2 | Bought a potion of brilliance for 72 gold pieces
 55078 | Vaults:2 | Bought a potion of brilliance for 72 gold pieces
 55078 | Vaults:2 | Bought 2 potions of curing for 108 gold pieces
 55078 | Vaults:2 | Bought a potion of curing for 54 gold pieces
 55337 | Vaults:2 | Reached skill level 15 in Fighting
 56257 | Vaults:3 | Found Baterpha's Antique Weapon Shop.
 56458 | Vaults:3 | Found Voskio's Assorted Antiques.
 57221 | Vaults:3 | Reached skill level 16 in Necromancy
 57265 | Vaults:3 | Found Kulat Nuu's Assorted Antiques.
 57277 | Vaults:3 | Bought a scroll of amnesia for 175 gold pieces
 57277 | Vaults:3 | Bought a scroll of magic mapping for 175 gold pieces
 57277 | Vaults:3 | Bought a potion of curing for 150 gold pieces
 57277 | Vaults:3 | Bought a potion of heal wounds for 250 gold pieces
 57277 | Vaults:3 | Bought a scroll of blinking for 375 gold pieces
 57680 | Vaults:3 | Found a staircase to the Crypt.
 57694 | Crypt:1  | Entered Level 1 of the Crypt
 57848 | Crypt:1  | Reached XP level 20. HP: 134/147 MP: 35/37
 57886 | Crypt:1  | Reached skill level 1 in Charms
 57953 | Crypt:1  | Reached skill level 2 in Charms
 58059 | Crypt:1  | Reached skill level 3 in Charms
 58169 | Crypt:1  | Reached skill level 4 in Charms
 58390 | Crypt:1  | Reached skill level 5 in Charms
 58424 | Crypt:1  | Identified the Grimoire of Black Arts
 58448 | Crypt:1  | Learned a level 6 spell: Death Channel
 58623 | Crypt:1  | Found an ancient bone altar of Kikubaaqudgha.
 58946 | Vaults:3 | Got a jewelled shield
 58948 | Vaults:3 | Identified the +3 shield of Ogomet {Spirit, rC++ rCorr} (You acquired it on level 3 of the Vaults)
 59028 | Vaults:4 | Noticed Boris
 59032 | Vaults:4 | Killed Boris
 59228 | Vaults:4 | Noticed Frederick
 59254 | Vaults:4 | Killed Frederick
 59254 | Vaults:4 | Reached skill level 12 in Spellcasting
 59344 | Vaults:4 | Noticed Mennas
 59358 | Vaults:4 | Your ally Frederick died
 59726 | D:14     | Your ally Kirke died
 59814 | Depths:1 | Entered Level 1 of the Depths
 59880 | Depths:1 | Found Suonudyosy's Distillery.
 59904 | Depths:1 | HP: 36/147 [spriggan air mage/the air[the Enchantress] (27)]
 59910 | Depths:1 | Noticed the Enchantress
 60088 | D:15     | Your ally Nessos died
 60501 | D:15     | Learned a level 6 spell: Haste
 60521 | Depths:1 | Killed the Enchantress
 60547 | Depths:1 | Bought a potion of heal wounds for 85 gold pieces
 60547 | Depths:1 | Bought a potion of curing for 51 gold pieces
 60547 | Depths:1 | Bought a potion of resistance for 170 gold pieces
 60547 | Depths:1 | Bought a potion of agility for 68 gold pieces
 60547 | Depths:1 | Bought a potion of restore abilities for 85 gold pieces
 60547 | Depths:1 | Bought a potion of agility for 68 gold pieces
 60595 | Depths:1 | Noticed Mara
 60616 | Depths:1 | Killed Mara
 60684 | Depths:1 | Reached skill level 13 in Spellcasting
 60751 | Depths:1 | Your ally Enchantress died
 60792 | Depths:1 | Found a gateway to Hell.
 60792 | Depths:1 | Noticed Asterion
 60802 | Depths:1 | Killed Asterion
 60837 | Depths:1 | Found a gateway to a ziggurat.
 60991 | Depths:1 | Found a one-way gate leading to the halls of Pandemonium.
 61016 | Depths:1 | Your ally Asterion died
 61097 | Depths:1 | Found a portal to a secret trove of treasure.
 61976 | Depths:2 | Noticed Jorgrun
 61988 | Depths:2 | Killed Jorgrun
 61988 | Depths:2 | Reached skill level 14 in Spellcasting
 62444 | Depths:2 | Reached XP level 21. HP: 141/153 MP: 39/40
 62647 | Depths:2 | Reached skill level 6 in Charms
 63024 | Depths:2 | Reached skill level 7 in Charms
 63524 | Depths:3 | Reached skill level 8 in Charms
 63714 | Depths:3 | Reached skill level 9 in Charms
 64155 | Depths:3 | Found a one-way gate to the infinite horrors of the Abyss.
 64229 | Depths:3 | Reached skill level 10 in Charms
 64773 | Depths:3 | Found a runed door.
 64796 | Depths:3 | Found a runed door.
 64804 | Depths:3 | Reached skill level 11 in Charms
 64857 | Depths:3 | Found a burning altar of Makhleb.
 64970 | Depths:3 | Got a steaming bronze ring
 64972 | Depths:3 | Got a smoking silver ring
 64979 | Depths:3 | Identified the ring of Shrioxuh {MR+ Int+1 Dex+3} (You found it on level 3 of the Depths)
 64981 | Depths:3 | Identified the ring "Eleruegi" {Ice Str-5 Int+3} (You found it on level 3 of the Depths)
 65615 | Depths:3 | Reached skill level 17 in Necromancy
 65788 | Depths:4 | Noticed a golden dragon
 66137 | Depths:4 | Learned a level 8 spell: Necromutation
 66308 | Depths:4 | Killed a golden dragon
 66368 | Depths:4 | Noticed a golden dragon
 66382 | Depths:4 | Reached XP level 22. HP: 110/159 MP: 40/40
 66387 | Depths:4 | Killed a golden dragon
 66465 | Depths:4 | Reached skill level 18 in Necromancy
 66791 | Depths:4 | Found a corrupted altar of Lugonu.
 67082 | Depths:5 | Entered Level 5 of the Depths
 67373 | Depths:5 | Found Joquq's Distillery.
 67382 | Depths:5 | Bought a potion of heal wounds for 65 gold pieces
 67382 | Depths:5 | Bought a potion of curing for 39 gold pieces
 67382 | Depths:5 | Bought 2 potions of curing for 78 gold pieces
 67382 | Depths:5 | Bought a potion of curing for 39 gold pieces
 67382 | Depths:5 | Bought a potion of restore abilities for 65 gold pieces
 67540 | Depths:5 | Noticed Margery
 67554 | Depths:5 | Killed Margery
 67698 | Depths:5 | Your ally Margery died
 67706 | Depths:5 | Your ally Margery died
 67822 | Depths:5 | Reached skill level 19 in Necromancy
 68688 | Depths:5 | Reached skill level 15 in Spellcasting
 68703 | Depths:5 | Found a gate to the Realm of Zot.
 69184 | Crypt:2  | Found a magical portal.
 69191 | WizLab   | Entered Zonguldrok's Shrine
 69766 | WizLab   | Noticed an antique lich
 69774 | WizLab   | Killed an antique lich
 70477 | Crypt:2  | Reached skill level 16 in Spellcasting
 70688 | Crypt:2  | Reached XP level 23. HP: 164/164 MP: 40/42
 71102 | Crypt:2  | Identified the Collected Works on Black Arts
 71559 | Crypt:3  | Entered Level 3 of the Crypt
 71748 | Crypt:3  | Reached skill level 17 in Spellcasting
 72130 | Crypt:3  | Found an ancient bone altar of Kikubaaqudgha.
 72158 | Crypt:3  | Learned a level 7 spell: Orb of Destruction
 72561 | Crypt:3  | Reached skill level 18 in Spellcasting
 72709 | Crypt:3  | Got a coiled pewter amulet
 72712 | Crypt:3  | Got a heavily runed iron ring
 72714 | Crypt:3  | Identified the ring of the Raven {rN+ Dex+2 SInv} (You found it on level 3 of the Crypt)
 72716 | Crypt:3  | Got a steaming wooden ring
 72718 | Crypt:3  | Identified the ring of Xom's Condemnation {rN+ Stlth+} (You found it on level 3 of the Crypt)
 72722 | Crypt:3  | Got a flickering ivory ring
 72723 | Crypt:3  | Identified the ring of Qoveng {rN+ Slay+3 SInv} (You found it on level 3 of the Crypt)
 72921 | Crypt:3  | Identified the amulet "Gaexkyn" {Inacc Str+4} (You found it on level 3 of the Crypt)
 73112 | Crypt:3  | Found a staircase to the Tomb.
 73112 | Crypt:3  | Noticed an ancient lich
 73118 | Crypt:3  | Killed an ancient lich
 73217 | Tomb:1   | Entered Level 1 of the Tomb of the Ancients
 74077 | Elf:1    | Entered Level 1 of the Elven Halls
 74146 | Elf:1    | Reached skill level 19 in Spellcasting
 74146 | Elf:1    | Reached XP level 24. HP: 157/169 MP: 44/44
 74365 | Elf:1    | Found Yriper's Gadget Shoppe.
 74392 | Elf:1    | Found a frozen archway.
 74409 | IceCv    | Entered an ice cave
 74662 | IceCv    | Gained mutation: Your muscles are strong. (Str +2) [potion of beneficial mutation]
 75247 | Elf:1    | Found a roughly hewn altar of Beogh.
 75857 | Elf:2    | Found Ufawiss' Antique Weapon Emporium.
 75939 | Elf:2    | Found Twosho Letta's Weapon Shoppe.
 76501 | Elf:2    | Found a huge runed gate.
 76502 | Elf:2    | Found a huge runed gate.
 76503 | Elf:2    | Found a huge runed gate.
 76504 | Elf:2    | Found a huge runed gate.
 76511 | Elf:2    | Found a huge runed gate.
 76560 | Elf:3    | Entered Level 3 of the Elven Halls
 76585 | Elf:3    | Reached skill level 20 in Spellcasting
 76825 | Elf:3    | Found a flickering gateway to a bazaar.
 76833 | Bazaar   | Entered a bazaar
 76835 | Bazaar   | Found Mnep's Armour Boutique.
 76838 | Bazaar   | Found Cianuul's Distillery.
 76839 | Bazaar   | Found Dywet's General Store.
 76839 | Bazaar   | Found Guch's Distillery.
 76868 | Bazaar   | Bought a potion of beneficial mutation for 385 gold pieces
 76868 | Bazaar   | Bought a potion of heal wounds for 55 gold pieces
 76868 | Bazaar   | Bought a potion of might for 44 gold pieces
 76868 | Bazaar   | Bought a potion of curing for 33 gold pieces
 76868 | Bazaar   | Bought a potion of curing for 33 gold pieces
 76868 | Bazaar   | Bought a potion of curing for 33 gold pieces
 76868 | Bazaar   | Bought a potion of agility for 44 gold pieces
 76881 | Bazaar   | Gained mutation: Your spells are a little harder to cast, but a little more powerful. [potion of beneficial mutation]
 76894 | Bazaar   | Learned a level 7 spell: Controlled Blink
 76895 | Bazaar   | Bought a potion of resistance for 70 gold pieces
 76895 | Bazaar   | Bought a potion of heal wounds for 35 gold pieces
 76895 | Bazaar   | Bought a potion of magic for 56 gold pieces
 76895 | Bazaar   | Bought a potion of agility for 28 gold pieces
 76895 | Bazaar   | Bought a potion of might for 28 gold pieces
 76895 | Bazaar   | Bought a potion of heal wounds for 35 gold pieces
 76895 | Bazaar   | Bought a potion of resistance for 70 gold pieces
 76895 | Bazaar   | Bought a potion of curing for 21 gold pieces
 76903 | Bazaar   | Bought a scroll of teleportation for 27 gold pieces
 76929 | Elf:3    | Reached skill level 1 in Transmutations
 77184 | Elf:3    | Reached skill level 2 in Transmutations
 77228 | Elf:3    | Reached skill level 3 in Transmutations
 77750 | Elf:3    | Reached skill level 14 in Conjurations
 78326 | Elf:3    | Identified the Handbook of the Rocks and Ignition (You found it on level 3 of the Elven Halls)
 78342 | Elf:3    | Identified the Incunabulum of Blows and Bruises and Toxins (You found it on level 3 of the Elven Halls)
 78437 | Elf:3    | Got a steaming wooden ring
 78438 | Elf:3    | Identified the ring "Sayfis" {Wiz +Rage Str+1 Slay+4} (You found it on level 3 of the Elven Halls)
 78716 | Elf:3    | Learned a level 6 spell: Freezing Cloud
 79089 | Elf:3    | Upgraded the game from 0.16-a0-2675-g216447c to 0.16-a0-2702-gfff482a
 79192 | Elf:3    | Reached skill level 4 in Transmutations
 80320 | Vaults:4 | Reached skill level 5 in Transmutations
 80379 | Vaults:4 | Reached skill level 6 in Transmutations
 80610 | Vaults:4 | Killed Mennas
 80612 | Vaults:4 | Got a heavily runed large shield
 80642 | Vaults:4 | Reached skill level 7 in Transmutations
 80657 | Vaults:4 | Identified the cursed +5 large shield of Cocytus {rF+ Dex+2} (You took it off Mennas on level 4 of the Vaults)
 80880 | Vaults:4 | Reached XP level 25. HP: 175/175 MP: 34/45
 81051 | Vaults:4 | Reached skill level 8 in Transmutations
 81381 | Vaults:4 | Reached skill level 9 in Transmutations
 81993 | Vaults:5 | Entered Level 5 of the Vaults
 82135 | Vaults:5 | Reached skill level 10 in Transmutations
 82279 | Vaults:5 | Noticed Sojobo
 82367 | Vaults:5 | Killed Sojobo
 82367 | Vaults:5 | Reached skill level 11 in Transmutations
 82873 | Vaults:5 | Reached skill level 12 in Transmutations
 83084 | Vaults:5 | Reached skill level 13 in Transmutations
 83453 | Vaults:5 | Got a scintillating garnet amulet
 83454 | Vaults:5 | Identified the amulet of Neezil {Clar rElec MR+ Slay-2} (You found it on level 5 of the Vaults)
 83458 | Vaults:5 | Got a silver rune of Zot
 83543 | Vaults:5 | Reached skill level 14 in Transmutations
 83557 | Vaults:5 | Reached skill level 6 in Shields
 83670 | Vaults:5 | Reached skill level 7 in Shields
 83962 | Vaults:5 | Reached skill level 8 in Shields
 83977 | Vaults:5 | Reached XP level 26. HP: 118/181 MP: 29/46
 84101 | Vaults:5 | Reached skill level 9 in Shields
 84285 | Vaults:5 | Learned a level 2 spell: Repel Missiles
 84296 | Vaults:5 | Identified A Thorough Guide to Spellweaving (You found it on level 5 of the Vaults)
 84582 | Vaults:5 | Learned a level 5 spell: Cigotuvi's Embrace
 85054 | Tomb:1   | Reached skill level 10 in Shields
 85528 | Tomb:1   | Noticed a greater mummy
 85542 | Tomb:1   | Killed a greater mummy
 85542 | Tomb:1   | Reached skill level 11 in Shields
 85730 | Tomb:2   | Noticed a greater mummy
 85741 | Tomb:2   | Noticed a greater mummy
 85799 | Tomb:2   | Noticed a greater mummy
 85939 | Tomb:2   | Noticed a greater mummy
 85951 | Tomb:1   | Killed a greater mummy
 86183 | Tomb:1   | Killed a greater mummy
 86183 | Tomb:1   | Reached skill level 12 in Shields
 86853 | Tomb:1   | Killed a greater mummy
 86998 | Tomb:1   | Killed a greater mummy
 87436 | Tomb:2   | Reached skill level 13 in Shields
 87979 | Tomb:1   | Noticed a greater mummy
 87982 | Tomb:1   | Noticed a greater mummy
 88202 | Tomb:1   | Killed a greater mummy
 88210 | Tomb:1   | Killed a greater mummy
 88226 | Tomb:1   | Noticed a greater mummy
 88479 | Tomb:1   | Killed a greater mummy
 88479 | Tomb:1   | Reached skill level 14 in Shields
 88506 | Tomb:1   | Noticed a greater mummy
 88509 | Tomb:1   | Noticed a greater mummy
 88551 | Tomb:1   | Killed a greater mummy
 88731 | Tomb:1   | Killed a greater mummy
 88753 | Tomb:1   | Noticed a greater mummy
 88760 | Tomb:1   | Noticed a greater mummy
 88886 | Tomb:1   | Killed a greater mummy
 88893 | Tomb:1   | Killed a greater mummy
 88893 | Tomb:1   | Reached skill level 15 in Shields
 88937 | Tomb:1   | Noticed a greater mummy
 88954 | Tomb:1   | Killed a greater mummy
 89110 | Tomb:1   | Noticed a greater mummy
 89117 | Tomb:1   | Killed a greater mummy
 89132 | Tomb:1   | Noticed a greater mummy
 89137 | Tomb:1   | Noticed a greater mummy
 89138 | Tomb:1   | Killed a greater mummy
 89138 | Tomb:1   | Reached XP level 27. HP: 187/187 MP: 21/46
 89189 | Tomb:1   | Killed a greater mummy
 89221 | Tomb:1   | Noticed a greater mummy
 89235 | Tomb:1   | Killed a greater mummy
 89235 | Tomb:1   | Reached skill level 16 in Shields
 89344 | Tomb:1   | Noticed a greater mummy
 89353 | Tomb:1   | Killed a greater mummy
 89440 | Tomb:1   | Noticed a greater mummy
 89450 | Tomb:1   | Killed a greater mummy
 89688 | Tomb:3   | Entered Level 3 of the Tomb of the Ancients
 89761 | Tomb:3   | Reached skill level 17 in Shields
 90941 | Tomb:3   | Reached skill level 18 in Shields
 91750 | Tomb:2   | Reached skill level 19 in Shields
 92388 | Tomb:3   | Identified Roxanne's Guide on Transmigration
 92399 | Tomb:3   | Got a wavering ivory ring
 92407 | Tomb:3   | Got a steaming bronze ring
 92414 | Tomb:3   | Identified the ring of Mnouvuj {+Blink +Fly rN+} (You found it on level 3 of the Tomb of the Ancients)
 92415 | Tomb:3   | Identified the ring "Cewadwour" {Fire Int+5 Dex+4} (You found it on level 3 of the Tomb of the Ancients)
 92521 | Tomb:3   | Got a golden rune of Zot
 92663 | Tomb:3   | Got a warped tin ring
 92665 | Tomb:3   | Identified the ring "Cleykk" {+Fly rElec rF+ rC- Int+1 Slay-3} (You found it on level 3 of the Tomb of the Ancients)
 92668 | Tomb:3   | Identified the Guide on Aerial Evil
 92684 | Tomb:3   | Learned a level 3 spell: Recall
 92689 | Tomb:3   | Identified the Guide on Enhancements
 93506 | Lair:5   | Reached skill level 20 in Shields
 93607 | Slime:1  | Entered Level 1 of the Pits of Slime
 94460 | Zot:1    | Entered Level 1 of the Realm of Zot
 95098 | Zot:1    | Noticed an orb of fire
 95125 | Zot:2    | Reached skill level 21 in Shields
 97101 | Zot:1    | Killed an orb of fire
 97862 | Slime:2  | Reached skill level 1 in Evocations
 97870 | Slime:2  | Reached skill level 2 in Evocations
 97882 | Slime:2  | Reached skill level 3 in Evocations
 97934 | Slime:2  | Reached skill level 4 in Evocations
 98116 | Slime:2  | Reached skill level 5 in Evocations
 98463 | Slime:2  | Reached skill level 6 in Evocations
 98533 | Slime:3  | Reached skill level 7 in Evocations
 98679 | Slime:4  | Reached skill level 8 in Evocations
 99093 | Slime:5  | Reached skill level 9 in Evocations
 99522 | Slime:5  | Reached skill level 10 in Evocations
 99769 | Slime:6  | Entered Level 6 of the Pits of Slime
 99989 | Slime:6  | Reached skill level 11 in Evocations
100017 | Slime:6  | Noticed Dissolution
100051 | Slime:6  | Killed Dissolution
100122 | Slime:6  | Noticed the royal jelly
100142 | Slime:6  | Killed the royal jelly
100142 | Slime:6  | Reached skill level 12 in Evocations
100779 | Slime:6  | Reached skill level 13 in Evocations
101281 | Slime:6  | Identified the Handbook of the Twisted Mountains
101285 | Slime:6  | Got a slimy rune of Zot
101323 | Slime:5  | Reached skill level 14 in Evocations
102253 | Zot:2    | Noticed an orb of fire
102851 | Zot:3    | Reached skill level 21 in Spellcasting
102924 | Zot:3    | Reached skill level 1 in Translocations
102935 | Zot:3    | Reached skill level 2 in Translocations
102944 | Zot:3    | Reached skill level 3 in Translocations
102994 | Zot:3    | Reached skill level 4 in Translocations
103214 | Zot:3    | Reached skill level 5 in Translocations
103260 | Zot:3    | Reached skill level 6 in Translocations
103432 | Zot:4    | Reached skill level 7 in Translocations
103554 | Zot:4    | Reached skill level 8 in Translocations
103755 | Zot:4    | Reached skill level 9 in Translocations
103809 | Zot:5    | Entered Level 5 of the Realm of Zot
103924 | Zot:5    | Reached skill level 10 in Translocations
103930 | Zot:5    | Got a serpentine steel ring
103931 | Zot:5    | Identified the ring of Gusasuoz {+Inv EV+3} (You found it on level 5 of the Realm of Zot)
104293 | Zot:5    | Reached skill level 11 in Translocations
104394 | Zot:5    | Noticed an orb of fire
104398 | Zot:5    | Noticed an ancient lich
104403 | Zot:5    | Reached skill level 12 in Translocations
104409 | Zot:5    | Noticed an ancient lich
104410 | Zot:5    | Killed an ancient lich
104411 | Zot:5    | Noticed an ancient lich
104516 | Zot:5    | Noticed an ancient lich
104523 | Zot:5    | Killed an ancient lich
104529 | Zot:5    | Killed an ancient lich
104529 | Zot:5    | Reached skill level 13 in Translocations
104586 | Zot:5    | Killed an orb of fire
104590 | Zot:5    | Killed an ancient lich
104657 | Zot:5    | Noticed an orb of fire
104657 | Zot:5    | Noticed an ancient lich
104681 | Zot:5    | Noticed an ancient lich
104683 | Zot:5    | Noticed an ancient lich
104763 | Zot:4    | Reached skill level 14 in Translocations
104822 | Zot:5    | Killed an ancient lich
104824 | Zot:5    | Killed an ancient lich
104954 | Zot:5    | Noticed an ancient lich
104961 | Zot:5    | Killed an ancient lich
104961 | Zot:5    | Reached skill level 15 in Translocations
105024 | Zot:5    | Learned a level 6 spell: Deflect Missiles
105051 | Zot:5    | Killed an orb of fire
105055 | Zot:5    | Noticed an ancient lich
105140 | Zot:5    | Killed an ancient lich
105186 | Zot:5    | Noticed an ancient lich
105192 | Zot:5    | Killed an ancient lich
105208 | Zot:5    | Reached skill level 22 in Spellcasting
105224 | Zot:5    | Killed an ancient lich
105260 | Zot:5    | Noticed an ancient lich
105266 | Zot:5    | Killed an ancient lich
105901 | Depths:1 | You paid a toll of 2 scrolls of acquirement to enter a treasure trove
105901 | Depths:1 | Your ally Enchantress died
105902 | Trove    | Entered a treasure trove
105937 | Trove    | Got a heavily runed bronze ring
105938 | Trove    | Identified the ring of Blue {Str+3 Int+3 Dex-2 Slay+4} (You found it in a treasure trove)
106078 | Depths:3 | Voluntarily entered the Abyss.
106129 | Abyss:1  | Reached skill level 16 in Fighting
106234 | Abyss:1  | Found a corrupted altar of Lugonu.
106303 | Abyss:1  | Paralysed by accursed screaming for 1 turns
106548 | Abyss:1  | Found a corrupted altar of Lugonu.
106610 | Abyss:1  | Gained mutation: You are frail (-10% HP). [a neqoxec]
107089 | Abyss:1  | Reached skill level 17 in Fighting
107184 | Abyss:1  | Found a corrupted altar of Lugonu.
107287 | Abyss:1  | Identified the Papyrus of Attacks
107299 | Abyss:1  | Identified Sif Muna's Almanac of Aid (You found it on level 1 of the Abyss)
107313 | Abyss:1  | Identified the Papyrus of Shape Shifting
107320 | Abyss:1  | Identified Smefru's Collected Works on Talismans
107405 | Abyss:1  | Identified Throdesia's Almanac of Malediction
107408 | Abyss:1  | Identified the Papyrus of the Voyage
107850 | Abyss:1  | Lost mutation: Your muscles are strong. (Str +2) [a neqoxec]
108011 | Abyss:2  | Found a corrupted altar of Lugonu.
108217 | Abyss:2  | Reached skill level 18 in Fighting
108740 | Abyss:3  | Found a corrupted altar of Lugonu.
109430 | Abyss:4  | Reached skill level 19 in Fighting
109595 | Abyss:4  | Upgraded the game from 0.16-a0-2702-gfff482a to 0.16-a0-2736-g1697cd3
109641 | Abyss:4  | Gained mutation: Your magical capacity is low (-10% MP). [a neqoxec]
110042 | Abyss:4  | Got an abyssal rune of Zot
110078 | Abyss:4  | Found a corrupted altar of Lugonu.
110237 | Abyss:4  | Learned a level 8 spell: Borgnjor's Revivification
110288 | Depths:3 | Escaped the Abyss
110441 | Hell     | Entered the Vestibule of Hell
110441 | Hell     | Noticed Geryon
110444 | Hell     | Reached skill level 20 in Fighting
110470 | Hell     | Killed Geryon
110900 | Hell     | Found a gateway to the freezing wastes of Cocytus.
111386 | Hell     | Found a gateway to the ashen valley of Gehenna.
111643 | Hell     | Found a gateway to the decaying netherworld of Tartarus.
111660 | Hell     | Reached skill level 21 in Fighting
111747 | Hell     | Found a gateway to the Iron City of Dis.
111988 | Dis:1    | Entered Level 1 of the Iron City of Dis
112996 | Dis:4    | Reached skill level 22 in Fighting
114077 | Dis:7    | Entered Level 7 of the Iron City of Dis
114110 | Dis:7    | Reached skill level 23 in Fighting
114138 | Dis:7    | HP: 17/173 [Hell Sentinel/blast of hellfire (33)]
116075 | Dis:7    | Reached skill level 24 in Fighting
116094 | Dis:7    | Lost mutation: You are frail (-10% HP). [potion of cure mutation]
116094 | Dis:7    | Lost mutation: Your spells are a little harder to cast, but a little more powerful. [potion of cure mutation]
116094 | Dis:7    | Lost mutation: Your magical capacity is low (-10% MP). [potion of cure mutation]
116485 | Dis:7    | Reached skill level 14 in Dodging
116546 | Dis:7    | Identified the Guide on Lethal Feathers
116718 | Dis:7    | Reached skill level 9 in Ice Magic
117049 | Dis:7    | Noticed Dispater
117078 | Dis:7    | Killed Dispater
117137 | Dis:7    | Got an iron rune of Zot
117170 | Dis:7    | Got a steaming steel ring
117171 | Dis:7    | Identified the ring of Suicidal Tendencies {MR+ SInv Stlth+} (You found it on level 7 of the Iron City of Dis)
117181 | Dis:7    | Identified the Guide on the Mutagenic Snowflakes
117287 | Dis:7    | Reached skill level 10 in Ice Magic
117358 | Coc:1    | Entered Level 1 of Cocytus
117709 | Coc:5    | Reached skill level 11 in Ice Magic
118131 | Coc:6    | Reached skill level 12 in Ice Magic
118187 | Coc:6    | Reached skill level 13 in Ice Magic
118233 | Coc:7    | Entered Level 7 of Cocytus
118532 | Coc:7    | Reached skill level 14 in Ice Magic
118921 | Coc:7    | Reached skill level 15 in Ice Magic
119348 | Coc:7    | Reached skill level 16 in Ice Magic
119402 | Coc:7    | Noticed Antaeus
119673 | Coc:7    | Killed Antaeus
119973 | Coc:7    | Reached skill level 17 in Ice Magic
120017 | Coc:7    | Got an icy rune of Zot
120179 | Tar:1    | Entered Level 1 of Tartarus
120184 | Tar:1    | Noticed Herrn's ghost (legendary GrFi)
120196 | Tar:1    | Killed Herrn's ghost
120616 | Tar:1    | Reached skill level 18 in Ice Magic
120791 | Tar:3    | Reached skill level 15 in Conjurations
121466 | Tar:6    | Reached skill level 16 in Conjurations
121548 | Tar:7    | Entered Level 7 of Tartarus
122108 | Tar:7    | Reached skill level 17 in Conjurations
122945 | Tar:7    | Reached skill level 18 in Conjurations
122951 | Tar:7    | Noticed Ereshkigal
123588 | Tar:7    | Killed Ereshkigal
123597 | Tar:7    | Got a bone rune of Zot
123833 | Tar:7    | Reached skill level 19 in Conjurations
124002 | Tar:7    | Got a shimmering iron ring
124003 | Tar:7    | Identified the ring "Qaaqon" {rC+ Str+1 Dex+2} (You found it on level 7 of Tartarus)
124006 | Tar:7    | Got an ancient marble ring
124007 | Tar:7    | Identified the ring "Trusted Companion" {rElec rN+} (You found it on level 7 of Tartarus)
124010 | Tar:7    | Got a wavering ivory ring
124011 | Tar:7    | Identified the ring "Miaf" {EV+3 Int-3 Dex+4} (You found it on level 7 of Tartarus)
124891 | Coc:7    | Reached skill level 19 in Ice Magic
125771 | Geh:1    | Entered Level 1 of Gehenna
125992 | Geh:3    | Reached skill level 23 in Spellcasting
126838 | Geh:5    | Learned a level 9 spell: Glaciate
126868 | Geh:6    | Reached skill level 20 in Ice Magic
127275 | Geh:7    | Entered Level 7 of Gehenna
127883 | Geh:4    | Reached skill level 21 in Ice Magic
128575 | Geh:7    | Noticed the Serpent of Hell
128614 | Geh:7    | Killed the Serpent of Hell
128614 | Geh:7    | Reached skill level 22 in Ice Magic
129000 | Geh:7    | Reached skill level 15 in Dodging
129088 | Geh:7    | Noticed Asmodeus
129577 | Geh:7    | Killed Asmodeus
129640 | Geh:7    | Got an obsidian rune of Zot
129700 | Geh:7    | Reached skill level 16 in Dodging
130232 | D:10     | Bought a scroll of holy word for 90 gold pieces
130855 | Depths:5 | Bought a potion of brilliance for 52 gold pieces
130855 | Depths:5 | Bought a potion of agility for 52 gold pieces
130957 | Depths:1 | Bought a potion of brilliance for 68 gold pieces
130957 | Depths:1 | Bought 2 potions of might for 136 gold pieces
131004 | D:15     | Bought 2 potions of cure mutation for 910 gold pieces
131004 | D:15     | Bought a potion of restore abilities for 65 gold pieces
131004 | D:15     | Bought 2 potions of cancellation for 208 gold pieces
131333 | Vaults:2 | Bought a potion of cancellation for 144 gold pieces
131333 | Vaults:2 | Bought a potion of brilliance for 72 gold pieces
131521 | Pan      | Entered Pandemonium
131593 | Pan      | Found an exit through the horrors of the Abyss.
131705 | Pan      | Noticed Joysmuu the pandemonium lord
131718 | Pan      | Killed Joysmuu the pandemonium lord
131718 | Pan      | Reached skill level 17 in Dodging
132374 | Pan      | Noticed Trimy the pandemonium lord
132397 | Pan      | Killed Trimy the pandemonium lord
132628 | Pan      | Reached skill level 18 in Dodging
132714 | Pan      | Found an exit through the horrors of the Abyss.
133102 | Pan      | Noticed Doce Lyn the pandemonium lord
133116 | Pan      | Killed Doce Lyn the pandemonium lord
133337 | Pan      | Reached skill level 19 in Dodging
133595 | Pan      | Found an exit through the horrors of the Abyss.
133802 | Pan      | Found an exit through the horrors of the Abyss.
133943 | Pan      | Found a runed door.
134532 | Pan      | Noticed Jubriung the pandemonium lord
134577 | Pan      | Killed Jubriung the pandemonium lord
135216 | Pan      | Reached skill level 20 in Dodging
135238 | Pan      | Noticed Fywue the pandemonium lord
135257 | Pan      | Killed Fywue the pandemonium lord
135398 | Pan      | Found an exit through the horrors of the Abyss.
135544 | Pan      | Got a slimy emerald amulet
135545 | Pan      | Identified the amulet "Ociziwki" {Stasis rN+} (You found it in Pandemonium)
135746 | Pan      | Found an exit through the horrors of the Abyss.
135833 | Pan      | Upgraded the game from 0.16-a0-2736-g1697cd3 to 0.16-a0-2757-g883b90a
136009 | Pan      | Noticed Pneliolo the pandemonium lord
136028 | Pan      | Killed Pneliolo the pandemonium lord
136276 | Pan      | Reached skill level 24 in Spellcasting
136709 | Pan      | Found an exit through the horrors of the Abyss.
136951 | Pan      | Found a huge runed gate.
137623 | Pan      | Noticed Zyemaz the pandemonium lord
137690 | Pan      | Killed Zyemaz the pandemonium lord
137752 | Pan      | Reached skill level 25 in Spellcasting
137930 | Pan      | Found an exit through the horrors of the Abyss.
138183 | Pan      | Noticed Mam Bluw the pandemonium lord
138208 | Pan      | Paralysed by a giant eyeball for 2 turns
138216 | Pan      | Paralysed by a giant eyeball for 2 turns
138220 | Pan      | Paralysed by a giant eyeball for 4 turns
138302 | Pan      | Killed Mam Bluw the pandemonium lord
138803 | Pan      | Reached skill level 26 in Spellcasting
138886 | Pan      | Found an exit through the horrors of the Abyss.
139017 | Pan      | Noticed Styf the pandemonium lord
139022 | Pan      | Killed Styf the pandemonium lord
139422 | Pan      | Noticed Lel Osh the pandemonium lord
139460 | Pan      | Killed Lel Osh the pandemonium lord
139625 | Pan      | Found an exit through the horrors of the Abyss.
140031 | Pan      | Found an exit through the horrors of the Abyss.
140433 | Pan      | Noticed Oboakhl Icze the pandemonium lord
140442 | Pan      | Killed Oboakhl Icze the pandemonium lord
140739 | Pan      | Reached skill level 27 in Spellcasting
140753 | Pan      | Learned a level 7 spell: Haunt
141088 | Pan      | Found an exit through the horrors of the Abyss.
141197 | Pan      | Noticed Piypnun the pandemonium lord
141218 | Pan      | Killed Piypnun the pandemonium lord
141536 | Pan      | Got a demonic rune of Zot
141565 | Pan      | Noticed Vafuen the pandemonium lord
141696 | Pan      | Killed Vafuen the pandemonium lord
141892 | Pan      | Reached skill level 25 in Fighting
142125 | Pan      | Noticed Cimotusa the pandemonium lord
142142 | Pan      | Killed Cimotusa the pandemonium lord
142281 | Pan      | Noticed Pheptid the pandemonium lord
142308 | Pan      | Killed Pheptid the pandemonium lord
142350 | Pan      | Found an exit through the horrors of the Abyss.
142881 | Pan      | Entered the realm of Lom Lobon.
143253 | Pan      | Noticed Lom Lobon
143758 | Pan      | Reached skill level 26 in Fighting
145327 | Pan      | Got a magical rune of Zot
145355 | Pan      | Reached skill level 20 in Conjurations
145447 | Pan      | Found an exit through the horrors of the Abyss.
145590 | Pan      | Found an exit through the horrors of the Abyss.
145652 | Pan      | Noticed Kuulinwiu the pandemonium lord
145675 | Pan      | Killed Kuulinwiu the pandemonium lord
145689 | Pan      | Found an exit through the horrors of the Abyss.
145851 | Pan      | Learned a level 9 spell: Fire Storm
145896 | Pan      | Reached skill level 1 in Fire Magic
145969 | Pan      | Reached skill level 2 in Fire Magic
146021 | Pan      | Reached skill level 3 in Fire Magic
146151 | Pan      | Reached skill level 4 in Fire Magic
146318 | Pan      | Reached skill level 5 in Fire Magic
146584 | Pan      | Noticed Ynuneuz the pandemonium lord
146600 | Pan      | Killed Ynuneuz the pandemonium lord
146600 | Pan      | Reached skill level 6 in Fire Magic
146684 | Pan      | Reached skill level 7 in Fire Magic
146827 | Pan      | Noticed Riaseor the pandemonium lord
146836 | Pan      | Killed Riaseor the pandemonium lord
146836 | Pan      | Reached skill level 8 in Fire Magic
146944 | Pan      | Reached skill level 9 in Fire Magic
147114 | Pan      | Noticed Pleleant the pandemonium lord
147130 | Pan      | Killed Pleleant the pandemonium lord
147319 | Pan      | Reached skill level 10 in Fire Magic
147375 | Pan      | Found an exit through the horrors of the Abyss.
147400 | Depths:1 | Escaped Pandemonium
147730 | Vaults:5 | Got a wavering wooden ring
147731 | Vaults:5 | Identified the ring "Xeasm" {rN+ Str-2 Int+3} (You took it off an ironheart preserver on level 5 of the Vaults)
148484 | D:15     | Reached skill level 11 in Fire Magic
148556 | Pan      | Entered Pandemonium
148683 | Pan      | Noticed Lom Lobon
148899 | Pan      | Reached skill level 12 in Fire Magic
149171 | Pan      | Killed Lom Lobon
149190 | Pan      | Reached skill level 13 in Fire Magic
149361 | Pan      | Found an exit through the horrors of the Abyss.
149671 | Pan      | Noticed Rocebude the pandemonium lord
149685 | Pan      | Killed Rocebude the pandemonium lord
149758 | Pan      | Reached skill level 14 in Fire Magic
150291 | Pan      | Reached skill level 15 in Fire Magic
150453 | Pan      | Found an exit through the horrors of the Abyss.
150789 | Pan      | Noticed Beafet the pandemonium lord
150916 | Pan      | Killed Beafet the pandemonium lord
150916 | Pan      | Reached skill level 16 in Fire Magic
151160 | Pan      | Found a burning altar of Makhleb.
151354 | Pan      | Found a gateway to a ziggurat.
151405 | Zig:1    | Entered Level 1 of a ziggurat
151423 | Zig:2    | Entered Level 2 of a ziggurat
151448 | Zig:2    | Got a pitted marble ring
151449 | Zig:2    | Identified the ring of Satisfaction {rN+ Str+3 Int-3} (You found it on level 2 of a ziggurat)
151452 | Zig:3    | Entered Level 3 of a ziggurat
151458 | Zig:3    | Reached skill level 17 in Fire Magic
151496 | Zig:4    | Entered Level 4 of a ziggurat
151552 | Zig:5    | Entered Level 5 of a ziggurat
151595 | Zig:6    | Entered Level 6 of a ziggurat
151634 | Zig:6    | Got a shimmering lapis lazuli ring
151635 | Zig:6    | Identified the ring "Nimujaguody" {rF+ AC+5 Slay+4} (You found it on level 6 of a ziggurat)
151647 | Zig:7    | Entered Level 7 of a ziggurat
151711 | Zig:7    | Gained mutation: You possess an exceptional clarity of mind. [potion of beneficial mutation]
151733 | Zig:8    | Entered Level 8 of a ziggurat
151807 | Zig:8    | Reached skill level 18 in Fire Magic
151832 | Zig:8    | Got a coiled ivory ring
151833 | Zig:8    | Identified the ring of the Empty Page {Fire Str+3 Int-2} (You found it on level 8 of a ziggurat)
151863 | Zig:9    | Entered Level 9 of a ziggurat
151869 | Zig:9    | Noticed Xairhoid the pandemonium lord
151883 | Zig:9    | Killed Xairhoid the pandemonium lord
151986 | Zig:10   | Entered Level 10 of a ziggurat
152019 | Zig:10   | Reached skill level 15 in Evocations
152104 | Zig:10   | Identified Sif Muna's Compendium of Earthen Malediction (You found it on level 10 of a ziggurat)
152192 | Zig:11   | Entered Level 11 of a ziggurat
152245 | Zig:11   | Reached skill level 16 in Evocations
152319 | Zig:12   | Entered Level 12 of a ziggurat
152334 | Zig:12   | Noticed an ancient lich
152348 | Zig:12   | Killed an ancient lich
152374 | Zig:12   | Reached skill level 17 in Evocations
152882 | Zig:12   | Got a crude wooden ring
152883 | Zig:12   | Identified the ring "Niginyr" {rF+ rC+ Slay-1} (You found it on level 12 of a ziggurat)
152948 | Zig:13   | Entered Level 13 of a ziggurat
152981 | Zig:13   | Noticed Wuocoquf the pandemonium lord
153014 | Zig:13   | Reached skill level 18 in Evocations
153062 | Zig:13   | Killed Wuocoquf the pandemonium lord
153081 | Zig:13   | Got a ring of the Octopus King
153124 | Zig:13   | Got a translucent tin ring
153125 | Zig:13   | Identified the cursed ring of Midwinter {rF+ Int+3 Dex+3} (You found it on level 13 of a ziggurat)
153128 | Zig:13   | Upgraded the game from 0.16-a0-2757-g883b90a to 0.16-a0-2822-gb1d3efb
153155 | Zig:14   | Entered Level 14 of a ziggurat
153234 | Zig:14   | Noticed Luen the pandemonium lord
153238 | Zig:14   | Noticed Klal the pandemonium lord
153238 | Zig:14   | Noticed Duv Epov the pandemonium lord
153239 | Zig:14   | Noticed Strism Pegush the pandemonium lord
153240 | Zig:14   | Noticed Giheig the pandemonium lord
153241 | Zig:14   | Noticed Uffufi the pandemonium lord
153256 | Zig:14   | Killed Duv Epov the pandemonium lord
153258 | Zig:14   | Killed Klal the pandemonium lord
153274 | Zig:14   | Reached skill level 19 in Evocations
153279 | Zig:14   | Killed Uffufi the pandemonium lord
153300 | Zig:15   | Entered Level 15 of a ziggurat
153639 | Zig:15   | Noticed Bruukku the pandemonium lord
153639 | Zig:15   | Noticed Shrocsayl the pandemonium lord
153645 | Zig:15   | Noticed Ghiafut the pandemonium lord
153646 | Zig:15   | Killed Ghiafut the pandemonium lord
153654 | Zig:15   | Killed Shrocsayl the pandemonium lord
153656 | Zig:15   | Killed Bruukku the pandemonium lord
153656 | Zig:15   | Reached skill level 20 in Evocations
153716 | Zig:15   | Got a vibrating golden amulet
153717 | Zig:15   | Identified the amulet "Izxoukh" {Clar Str-5 Int+4 Curse} (You found it on level 15 of a ziggurat)
153750 | Zig:16   | Entered Level 16 of a ziggurat
153818 | Zig:16   | Noticed an ancient lich
153835 | Zig:16   | Killed an ancient lich
153835 | Zig:16   | Reached skill level 21 in Evocations
153859 | Zig:16   | Noticed an ancient lich
153921 | Zig:16   | Noticed an ancient lich
153925 | Zig:16   | Killed an ancient lich
153985 | Zig:16   | Got a fine bronze ring
153986 | Zig:16   | Identified the ring of Skeighigh {rN+ Slay+4} (You found it on level 16 of a ziggurat)
154016 | Zig:17   | Entered Level 17 of a ziggurat
154286 | Zig:17   | Got a shimmering platinum ring
154288 | Zig:17   | Identified the ring of Birdsong {Wiz rN+} (You found it on level 17 of a ziggurat)
154290 | Zig:17   | Got a fine tin ring
154291 | Zig:17   | Identified the ring "Saozif" {Ice Dex-2} (You found it on level 17 of a ziggurat)
154310 | Zig:18   | Entered Level 18 of a ziggurat
154367 | Zig:18   | Reached skill level 21 in Conjurations
154372 | Zig:18   | Noticed Mnaok the pandemonium lord
154405 | Zig:18   | Identified a potion of experience
154417 | Zig:18   | Killed Mnaok the pandemonium lord
154642 | Pan      | Found an exit through the horrors of the Abyss.
154766 | Pan      | Noticed Groczaru the pandemonium lord
154794 | Pan      | Killed Groczaru the pandemonium lord
154904 | Pan      | Reached skill level 22 in Conjurations
155011 | Pan      | Noticed Ijuusy the pandemonium lord
155036 | Pan      | Killed Ijuusy the pandemonium lord
155339 | Pan      | Upgraded the game from 0.16-a0-2822-gb1d3efb to 0.16-a0-2844-g9b01c91
155733 | Pan      | Noticed Datateup the pandemonium lord
155751 | Pan      | Killed Datateup the pandemonium lord
155751 | Pan      | Reached skill level 23 in Conjurations
155891 | Pan      | Found an exit through the horrors of the Abyss.
156838 | Pan      | Found an exit through the horrors of the Abyss.
156885 | Pan      | Noticed Smureh the pandemonium lord
156896 | Pan      | Killed Smureh the pandemonium lord
156896 | Pan      | Reached skill level 24 in Conjurations
156916 | Depths:1 | Escaped Pandemonium
156957 | Zig:1    | Entered Level 1 of a ziggurat
156982 | Zig:2    | Entered Level 2 of a ziggurat
157018 | Zig:3    | Entered Level 3 of a ziggurat
157049 | Zig:4    | Entered Level 4 of a ziggurat
157079 | Zig:4    | Got a ring of the Octopus King
157091 | Zig:5    | Entered Level 5 of a ziggurat
157130 | Zig:5    | Got a twitching tin ring
157131 | Zig:5    | Identified the cursed ring "Oduffij" {rF- MR++ Slay-3 Stlth--} (You found it on level 5 of a ziggurat)
157138 | Zig:6    | Entered Level 6 of a ziggurat
157188 | Zig:7    | Entered Level 7 of a ziggurat
157275 | Zig:7    | Gained mutation: You are partially covered in iridescent scales (AC +4). [potion of beneficial mutation]
157276 | Zig:7    | Reached skill level 22 in Evocations
157286 | Zig:8    | Entered Level 8 of a ziggurat
157305 | Zig:8    | Noticed Phikkeat the pandemonium lord
157314 | Zig:8    | Killed Phikkeat the pandemonium lord
157355 | Zig:9    | Entered Level 9 of a ziggurat
157405 | Zig:9    | Noticed Vosoos the pandemonium lord
157417 | Zig:9    | Killed Vosoos the pandemonium lord
157417 | Zig:9    | Reached skill level 25 in Conjurations
157430 | Zig:9    | Got a translucent copper ring
157431 | Zig:9    | Identified the ring "Twudgh" {MR++ Str+5} (You found it on level 9 of a ziggurat)
157471 | Zig:10   | Entered Level 10 of a ziggurat
157599 | Zig:11   | Entered Level 11 of a ziggurat
157672 | Zig:11   | Got a faintly glowing golden amulet
157673 | Zig:11   | Identified the amulet "Bazunel" {Inacc -Cast rC+ SInv} (You found it on level 11 of a ziggurat)
157719 | Zig:12   | Entered Level 12 of a ziggurat
157757 | Zig:12   | Paralysed by accursed screaming for 1 turns
158116 | Zig:13   | Entered Level 13 of a ziggurat
158164 | Zig:13   | Noticed an ancient lich
158177 | Zig:13   | Killed an ancient lich
158251 | Zig:14   | Entered Level 14 of a ziggurat
158277 | Zig:14   | Noticed Khaddyuz the pandemonium lord
158282 | Zig:14   | Reached skill level 26 in Conjurations
158289 | Zig:14   | Killed Khaddyuz the pandemonium lord
158447 | Zig:14   | Reached skill level 22 in Shields
158610 | Zig:14   | Identified the Grimoire of Creation (You found it on level 14 of a ziggurat)
158621 | Zig:15   | Entered Level 15 of a ziggurat
158861 | Zig:15   | Got a pair of faintly humming gloves
158952 | Zig:16   | Entered Level 16 of a ziggurat
158978 | Zig:16   | Noticed an ancient lich
158990 | Zig:16   | Killed an ancient lich
159006 | Zig:16   | Reached skill level 27 in Conjurations
159206 | Zig:16   | Noticed an ancient lich
159210 | Zig:16   | Killed an ancient lich
159285 | Zig:17   | Entered Level 17 of a ziggurat
159353 | Zig:17   | Noticed Cibosk the pandemonium lord
159384 | Zig:17   | Reached skill level 23 in Ice Magic
159397 | Zig:17   | Killed Cibosk the pandemonium lord
159509 | Zig:17   | Got a heavily runed tin amulet
159510 | Zig:17   | Identified the amulet of Joycuuk {Stasis Str+3} (You found it on level 17 of a ziggurat)
159531 | Zig:17   | Reached skill level 23 in Shields
159866 | Zig:18   | Entered Level 18 of a ziggurat
159928 | Zig:19   | Entered Level 19 of a ziggurat
160057 | Zig:19   | Reached skill level 24 in Ice Magic
160120 | Zig:19   | Identified the Grimoire of Flying Conjuration (You found it on level 19 of a ziggurat)
160167 | Zig:20   | Entered Level 20 of a ziggurat
160284 | Zig:20   | Got a transparent naga barding
160327 | Zig:21   | Entered Level 21 of a ziggurat
160581 | Zig:21   | Reached skill level 25 in Ice Magic
160582 | Zig:21   | Got a vibrating ruby amulet
160583 | Zig:21   | Identified the amulet of Beogh's Favour {Ward rN+ Int+2} (You found it on level 21 of a ziggurat)
160606 | Zig:22   | Entered Level 22 of a ziggurat
160729 | Zig:22   | Reached skill level 26 in Ice Magic
160783 | Zig:22   | Got a clouded marble ring
160784 | Zig:22   | Identified the ring of the Quahog {Int+5 Dex+4} (You found it on level 22 of a ziggurat)
160846 | Zig:22   | Upgraded the game from 0.16-a0-2844-g9b01c91 to 0.16-a0-2876-g1f3fc7e
160848 | Zig:23   | Entered Level 23 of a ziggurat
161159 | Zig:24   | Entered Level 24 of a ziggurat
161619 | Zig:25   | Entered Level 25 of a ziggurat
161651 | Zig:25   | Reached skill level 27 in Fighting
161710 | Zig:25   | Reached skill level 24 in Shields
162307 | Zig:25   | Reached skill level 21 in Dodging
162324 | Zig:25   | Gained mutation: You are somewhat resistant to further mutation. [potion of beneficial mutation]
162380 | Zig:26   | Entered Level 26 of a ziggurat
162412 | Zig:26   | Noticed Priebik the pandemonium lord
162421 | Zig:26   | Paralysed by you for 2 turns
162436 | Zig:26   | Killed Priebik the pandemonium lord
162452 | Zig:26   | Noticed Thuilo the pandemonium lord
162455 | Zig:26   | Noticed Sti Motwi the pandemonium lord
162461 | Zig:26   | Noticed Xokil the pandemonium lord
162465 | Zig:26   | Noticed Phol Gho the pandemonium lord
162466 | Zig:26   | Noticed Debb the pandemonium lord
162466 | Zig:26   | Noticed Ceuvver the pandemonium lord
162466 | Zig:26   | Noticed Idiacuigg the pandemonium lord
162467 | Zig:26   | Noticed Fisuheir the pandemonium lord
162468 | Zig:26   | Noticed Phoduil the pandemonium lord
162469 | Zig:26   | Noticed Emuble Muog the pandemonium lord
162470 | Zig:26   | Noticed Zyucitzea the pandemonium lord
162470 | Zig:26   | Noticed Kephen the pandemonium lord
162471 | Zig:26   | Noticed Cliogiol the pandemonium lord
162471 | Zig:26   | Noticed Biapnygu the pandemonium lord
162472 | Zig:26   | Noticed Arosika the pandemonium lord
162475 | Zig:26   | Noticed Xoka the pandemonium lord
162476 | Zig:26   | Noticed Heawn the pandemonium lord
162478 | Zig:26   | Noticed Skarghy the pandemonium lord
162480 | Zig:26   | Noticed Fuvomec the pandemonium lord
162485 | Zig:27   | Entered Level 27 of a ziggurat
162683 | Zig:27   | Reached skill level 25 in Shields
163054 | Pan      | Entered Pandemonium
163180 | Pan      | Noticed Pnuir the pandemonium lord
163196 | Pan      | Killed Pnuir the pandemonium lord
163199 | Pan      | Reached skill level 23 in Evocations
163659 | Pan      | Found an exit through the horrors of the Abyss.
163970 | Pan      | Entered the realm of Mnoleg.
164058 | Pan      | Identified a ring of the Octopus King {MP+9 AC+1 EV+1 Str+1 Int+1 Dex+1} (You found it on level 4 of a ziggurat)
164059 | Pan      | Identified a ring of the Octopus King {AC+1 EV+1 Str+1 Int+1 Dex+1 Stlth+} (You found it on level 13 of a ziggurat)
164081 | Pan      | Reached skill level 24 in Evocations
164256 | Pan      | Found an exit through the horrors of the Abyss.
164742 | Pan      | Noticed Mnoleg
164744 | Pan      | Paralysed by a giant eyeball for 4 turns
164754 | Pan      | Killed Mnoleg
164784 | Pan      | Got a glowing rune of Zot
164818 | Pan      | Reached skill level 25 in Evocations
165253 | Pan      | Found an exit through the horrors of the Abyss.
165795 | Pan      | Noticed Huir the pandemonium lord
165798 | Pan      | Killed Huir the pandemonium lord
165810 | Pan      | Reached skill level 26 in Evocations
165849 | Pan      | Found an exit through the horrors of the Abyss.
166002 | Pan      | Found an exit through the horrors of the Abyss.
166040 | Pan      | Noticed Grel the pandemonium lord
166274 | Pan      | Killed Grel the pandemonium lord
167012 | Pan      | Found an exit through the horrors of the Abyss.
167266 | Pan      | Reached skill level 27 in Evocations
167330 | Pan      | Noticed Rekkekos the pandemonium lord
167358 | Pan      | Killed Rekkekos the pandemonium lord
167732 | Pan      | Entered the realm of Cerebov.
167950 | Pan      | Found an exit through the horrors of the Abyss.
168334 | Pan      | Reached skill level 22 in Dodging
168427 | Pan      | Noticed Cerebov
168487 | Pan      | Killed Cerebov
168496 | Pan      | Got a fiery rune of Zot
168567 | Pan      | Identified the Collected Works on Twisted Snow (You found it in Pandemonium)
168813 | Pan      | Noticed Upirup Foom the pandemonium lord
168821 | Pan      | Killed Upirup Foom the pandemonium lord
168877 | Pan      | Entered the realm of Gloorx Vloq.
169128 | Pan      | Found an exit through the horrors of the Abyss.
169245 | Pan      | Reached skill level 23 in Dodging
169371 | Pan      | Noticed Gloorx Vloq
169400 | Pan      | Killed Gloorx Vloq
169926 | Pan      | Got a dark rune of Zot
170071 | Pan      | Noticed Yluu the pandemonium lord
170081 | Pan      | Reached skill level 24 in Dodging
170091 | Pan      | Killed Yluu the pandemonium lord
170187 | Pan      | Found an exit through the horrors of the Abyss.
170228 | Pan      | Found an exit through the horrors of the Abyss.
170476 | Pan      | Noticed Syzu the pandemonium lord
170515 | Pan      | Killed Syzu the pandemonium lord
170981 | Pan      | Reached skill level 25 in Dodging
171614 | Pan      | Found a white marble altar of Elyvilon.
171971 | Pan      | Found a glowing silver altar of Zin.
172373 | Pan      | Reached skill level 26 in Dodging
172821 | Pan      | Noticed a seraph
172844 | Pan      | Killed a seraph
172862 | Pan      | Found a glowing golden altar of the Shining One.
173126 | Pan      | Noticed Shocity the pandemonium lord
173133 | Pan      | Killed Shocity the pandemonium lord
173290 | Pan      | Noticed Ygic the pandemonium lord
173301 | Pan      | Killed Ygic the pandemonium lord
173301 | Pan      | Reached skill level 27 in Dodging
173586 | Pan      | Noticed Veutigok the pandemonium lord
173589 | Pan      | Reached skill level 20 in Necromancy
173591 | Pan      | Killed Veutigok the pandemonium lord
173859 | Pan      | Noticed Ischotz the pandemonium lord
173878 | Pan      | Killed Ischotz the pandemonium lord
174075 | Pan      | Reached skill level 21 in Necromancy
174270 | Pan      | Found an exit through the horrors of the Abyss.
174597 | Pan      | Found an exit through the horrors of the Abyss.
174724 | Pan      | Noticed Scha Due the pandemonium lord
174739 | Pan      | Killed Scha Due the pandemonium lord
174830 | Pan      | Reached skill level 22 in Necromancy
174872 | Pan      | Found an exit through the horrors of the Abyss.
175116 | Pan      | Upgraded the game from 0.16-a0-2876-g1f3fc7e to 0.16-a0-2921-g3a24241
175376 | Pan      | Noticed Ghayliy the pandemonium lord
175397 | Pan      | Killed Ghayliy the pandemonium lord
175617 | Pan      | Noticed Kuog the pandemonium lord
175623 | Pan      | Killed Kuog the pandemonium lord
175824 | Pan      | Noticed Stol the pandemonium lord
175845 | Pan      | Killed Stol the pandemonium lord
175845 | Pan      | Reached skill level 23 in Necromancy
176556 | Pan      | Found an exit through the horrors of the Abyss.
176652 | Pan      | Found an exit through the horrors of the Abyss.
176832 | Pan      | Noticed Pyuffeci the pandemonium lord
176847 | Pan      | Killed Pyuffeci the pandemonium lord
176847 | Pan      | Reached skill level 26 in Shields
177415 | Pan      | Found an exit through the horrors of the Abyss.
177707 | Pan      | Noticed Damuocyh the pandemonium lord
177728 | Pan      | Killed Damuocyh the pandemonium lord
177833 | Pan      | Noticed Uhait Lemai the pandemonium lord
177853 | Pan      | Killed Uhait Lemai the pandemonium lord
177858 | Pan      | Reached skill level 27 in Shields
178091 | Pan      | Found an exit through the horrors of the Abyss.
178307 | Pan      | Noticed Meucit the pandemonium lord
178309 | Pan      | Reached skill level 13 in Polearms
178324 | Pan      | Killed Meucit the pandemonium lord
178450 | Pan      | Reached skill level 14 in Polearms
178629 | Pan      | Found an exit through the horrors of the Abyss.
178803 | Pan      | Found an exit through the horrors of the Abyss.
178874 | Pan      | Noticed Thearen the pandemonium lord
178888 | Pan      | Killed Thearen the pandemonium lord
178902 | Pan      | Reached skill level 15 in Polearms
179436 | Pan      | Found an exit through the horrors of the Abyss.
179489 | Pan      | Reached skill level 16 in Polearms
180049 | Pan      | Noticed Naly the pandemonium lord
180066 | Pan      | Killed Naly the pandemonium lord
180066 | Pan      | Reached skill level 17 in Polearms
180200 | Pan      | Noticed Wetuarara the pandemonium lord
180222 | Pan      | Killed Wetuarara the pandemonium lord
180402 | Pan      | Found an exit through the horrors of the Abyss.
180779 | Pan      | Reached skill level 18 in Polearms
180909 | Pan      | Noticed Vicsouleo the pandemonium lord
180954 | Pan      | Killed Vicsouleo the pandemonium lord
181257 | Pan      | Found a huge runed gate.
181335 | Pan      | Noticed Ogienim the pandemonium lord
181370 | Pan      | Killed Ogienim the pandemonium lord
181370 | Pan      | Reached skill level 19 in Polearms
181499 | Pan      | Found a runed door.
181519 | Pan      | Found a runed door.
181520 | Pan      | Noticed Tatiheim the pandemonium lord
181520 | Pan      | Found a runed door.
181530 | Pan      | Killed Tatiheim the pandemonium lord
181651 | Pan      | Found a runed door.
181811 | Pan      | Found an exit through the horrors of the Abyss.
182095 | Pan      | Noticed Qesan the pandemonium lord
182117 | Pan      | Killed Qesan the pandemonium lord
182117 | Pan      | Reached skill level 20 in Polearms
182425 | Pan      | Found an exit through the horrors of the Abyss.
182519 | Pan      | Noticed Zusoerot the pandemonium lord
182535 | Pan      | Killed Zusoerot the pandemonium lord
182890 | Pan      | Found an exit through the horrors of the Abyss.
182969 | Pan      | Noticed Kurrol Iklei the pandemonium lord
183001 | Pan      | Killed Kurrol Iklei the pandemonium lord
183001 | Pan      | Reached skill level 21 in Polearms
183307 | Pan      | Found an exit through the horrors of the Abyss.
183402 | Pan      | Gained mutation: Your body is slowly deteriorating. [a neqoxec]
183840 | Pan      | Noticed Plink the pandemonium lord
183874 | Pan      | Killed Plink the pandemonium lord
183879 | Pan      | Reached skill level 22 in Polearms
184570 | Pan      | Noticed Thruzeoqu the pandemonium lord
184574 | Pan      | Killed Thruzeoqu the pandemonium lord
184608 | Pan      | Found an exit through the horrors of the Abyss.
184756 | Pan      | Reached skill level 23 in Polearms
184994 | Pan      | Found an exit through the horrors of the Abyss.
185282 | Pan      | Noticed Psiejuo the pandemonium lord
185294 | Pan      | Killed Psiejuo the pandemonium lord
185656 | Pan      | Found an exit through the horrors of the Abyss.
186593 | Pan      | Noticed Braxial the pandemonium lord
186601 | Pan      | Reached skill level 24 in Polearms
186612 | Pan      | Killed Braxial the pandemonium lord
186686 | Pan      | Noticed Cuira the pandemonium lord
186691 | Pan      | Killed Cuira the pandemonium lord
186789 | Pan      | Found an exit through the horrors of the Abyss.
187248 | Pan      | Found an exit through the horrors of the Abyss.
187282 | Pan      | Reached skill level 25 in Polearms
187517 | Pan      | Noticed Qalir the pandemonium lord
187532 | Pan      | Killed Qalir the pandemonium lord
188104 | Pan      | Found an exit through the horrors of the Abyss.
188223 | Pan      | Noticed Linairopn the pandemonium lord
188223 | Pan      | Found a gateway to a ziggurat.
188253 | Pan      | Killed Linairopn the pandemonium lord
188327 | Zig:1    | Entered Level 1 of a ziggurat
188419 | Zig:2    | Entered Level 2 of a ziggurat
188427 | Zig:2    | Reached skill level 26 in Polearms
188452 | Zig:3    | Entered Level 3 of a ziggurat
188499 | Zig:4    | Entered Level 4 of a ziggurat
188530 | Zig:4    | Got a crude pewter amulet
188531 | Zig:4    | Identified the amulet of Tuenerir {rMut rC- SInv} (You found it on level 4 of a ziggurat)
188545 | Zig:5    | Entered Level 5 of a ziggurat
188545 | Zig:5    | Noticed an orb of fire
188545 | Zig:5    | Noticed an orb of fire
188549 | Zig:5    | Killed an orb of fire
188549 | Zig:5    | Killed an orb of fire
188597 | Zig:6    | Entered Level 6 of a ziggurat
188669 | Zig:7    | Entered Level 7 of a ziggurat
188704 | Zig:7    | Reached skill level 27 in Polearms
188759 | Zig:7    | Got a smoking granite ring
188760 | Zig:7    | Identified the ring "Shriffis" {rN+ Str+2 Dex-1} (You found it on level 7 of a ziggurat)
188781 | Zig:8    | Entered Level 8 of a ziggurat
188790 | Zig:8    | Noticed Khutineig the pandemonium lord
188804 | Zig:8    | Noticed Mnyfueq the pandemonium lord
188823 | Zig:8    | Noticed Phaory the pandemonium lord
188836 | Zig:8    | Killed Khutineig the pandemonium lord
188847 | Zig:8    | Killed Mnyfueq the pandemonium lord
188881 | Zig:8    | Killed Phaory the pandemonium lord
188891 | Zig:8    | Reached skill level 27 in Ice Magic
188898 | Zig:8    | Reached skill level 4 in Stealth
188909 | Zig:8    | Reached skill level 5 in Stealth
189084 | Zig:8    | Reached skill level 9 in Stealth
189094 | Zig:8    | Identified the Volume of Black Arts (You found it on level 8 of a ziggurat)
189098 | Zig:8    | Identified the Handbook of Beguiling (You found it on level 8 of a ziggurat)
189125 | Zig:9    | Entered Level 9 of a ziggurat
189131 | Zig:9    | Reached skill level 10 in Stealth
189131 | Zig:9    | Reached skill level 11 in Stealth
189142 | Zig:9    | Reached skill level 12 in Stealth
189229 | Zig:9    | Identified the Grimoire of Limitation (You found it on level 9 of a ziggurat)
189248 | Zig:10   | Entered Level 10 of a ziggurat
189265 | Zig:10   | Reached skill level 13 in Stealth
189297 | Zig:10   | Reached skill level 14 in Stealth
189343 | Zig:10   | Identified the Almanac of the Entourage (You found it on level 10 of a ziggurat)
189381 | Zig:11   | Entered Level 11 of a ziggurat
189443 | Zig:11   | Reached skill level 15 in Stealth
189480 | Zig:11   | Reached skill level 16 in Stealth
189558 | Zig:11   | Learned a level 7 spell: Spellforged Servitor
189643 | Zig:12   | Entered Level 12 of a ziggurat
189688 | Zig:12   | Reached skill level 17 in Stealth
189712 | Zig:12   | Reached skill level 18 in Stealth
189795 | Zig:13   | Entered Level 13 of a ziggurat
189835 | Zig:13   | Reached skill level 19 in Stealth
189908 | Zig:13   | Got a slimy graven amulet
189909 | Zig:13   | Identified the amulet "Yclisug" {Ward rElec rN+ MR+ Slay+4} (You found it on level 13 of a ziggurat)
189911 | Zig:13   | Got a transparent marble ring
189912 | Zig:13   | Identified the ring "Afugotsa" {SustAb Contam +Fly rC+} (You found it on level 13 of a ziggurat)
189920 | Zig:14   | Entered Level 14 of a ziggurat
189976 | Zig:14   | Reached skill level 20 in Stealth
190051 | Zig:14   | Reached skill level 21 in Stealth
190131 | Zig:14   | Gained mutation: You are surrounded by a mild repulsion field (EV +2). [potion of beneficial mutation]
190155 | Zig:15   | Entered Level 15 of a ziggurat
190155 | Zig:15   | Noticed an ancient lich
190160 | Zig:15   | Noticed an ancient lich
190161 | Zig:15   | Reached skill level 22 in Stealth
190202 | Zig:15   | Reached skill level 23 in Stealth
190230 | Zig:15   | Killed an ancient lich
190272 | Zig:15   | Killed an ancient lich
190315 | Zig:15   | Got a steaming steel ring
190316 | Zig:15   | Identified the ring of Ynexufon {SustAb rC+} (You found it on level 15 of a ziggurat)
190571 | Zig:16   | Entered Level 16 of a ziggurat
190635 | Zig:16   | Reached skill level 24 in Stealth
190654 | Zig:16   | Reached skill level 25 in Stealth
190734 | Zig:17   | Entered Level 17 of a ziggurat
190847 | Zig:17   | Reached skill level 26 in Stealth
190885 | Zig:18   | Entered Level 18 of a ziggurat
190969 | Zig:18   | Reached skill level 27 in Stealth
190985 | Zig:18   | Reached skill level 1 in Summonings
190998 | Zig:18   | Reached skill level 1 in Air Magic
191016 | Zig:18   | Reached skill level 2 in Air Magic
191037 | Zig:18   | Reached skill level 2 in Summonings
191140 | Zig:19   | Entered Level 19 of a ziggurat
191235 | Zig:19   | Reached skill level 3 in Summonings
191235 | Zig:19   | Reached skill level 3 in Air Magic
191306 | Zig:19   | Reached skill level 4 in Summonings
191306 | Zig:19   | Reached skill level 4 in Air Magic
191477 | Zig:19   | Identified the Papyrus of Envenoming (You found it on level 19 of a ziggurat)
191490 | Zig:20   | Entered Level 20 of a ziggurat
191563 | Zig:20   | Reached skill level 12 in Charms
191593 | Zig:20   | Reached skill level 5 in Summonings
191599 | Zig:20   | Reached skill level 5 in Air Magic
191708 | Zig:20   | Reached skill level 16 in Translocations
191811 | Zig:20   | Reached skill level 19 in Fire Magic
191812 | Zig:20   | Reached skill level 6 in Summonings
191833 | Zig:20   | Reached skill level 6 in Air Magic
191836 | Zig:20   | Reached skill level 15 in Transmutations
191919 | Zig:21   | Entered Level 21 of a ziggurat
192109 | Zig:21   | Reached skill level 7 in Summonings
192135 | Zig:21   | Reached skill level 7 in Air Magic
192148 | Zig:21   | Reached skill level 13 in Charms
192543 | Zig:21   | Reached skill level 9 in Air Magic
192544 | Zig:21   | Reached skill level 10 in Air Magic
192545 | Zig:21   | Reached skill level 11 in Air Magic
192546 | Zig:21   | Reached skill level 12 in Air Magic
192598 | Zig:21   | Got an ancient lapis lazuli ring
192599 | Zig:21   | Identified the ring of Miabbuh {rF+ AC+5} (You found it on level 21 of a ziggurat)
192606 | Zig:22   | Entered Level 22 of a ziggurat
192707 | Zig:22   | Reached skill level 13 in Air Magic
192811 | Zig:22   | Reached skill level 14 in Air Magic
192901 | Zig:22   | Reached skill level 15 in Air Magic
193047 | Zig:22   | Got a brightly glowing lapis lazuli ring
193048 | Zig:22   | Identified the ring "The Nueri" {Int-2 Dex-3 SInv} (You found it on level 22 of a ziggurat)
193053 | Zig:22   | Got a brightly glowing cloak
193098 | Zig:23   | Entered Level 23 of a ziggurat
193248 | Zig:23   | Reached skill level 16 in Air Magic
193440 | Zig:23   | Reached skill level 17 in Air Magic
193577 | Zig:23   | Reached skill level 18 in Air Magic
193586 | Zig:23   | Identified the Guide on Self-Improvement (You found it on level 23 of a ziggurat)
193591 | Zig:23   | Got a clouded zirconium amulet
193592 | Zig:23   | Identified the amulet "Bokke" {Ward rN+ MR++ Str+1 SInv} (You found it on level 23 of a ziggurat)
193990 | Zig:24   | Entered Level 24 of a ziggurat
194068 | Zig:24   | Reached skill level 19 in Air Magic
194093 | Zig:24   | Reached skill level 20 in Air Magic
194102 | Zig:24   | HP: 15/174 [mummy priest/divine providence (14)]
194102 | Zig:24   | HP: 7/174 [greater mummy/divine providence (8)]
194117 | Zig:25   | Entered Level 25 of a ziggurat
194206 | Zig:25   | Paralysed by accursed screaming for 2 turns
194231 | Zig:25   | Paralysed by accursed screaming for 2 turns
194358 | Zig:25   | Reached skill level 21 in Air Magic
194374 | Zig:25   | Noticed an ancient lich
194534 | Zig:25   | Killed an ancient lich
195000 | Zig:25   | Reached skill level 22 in Air Magic
195098 | Zig:26   | Entered Level 26 of a ziggurat
195124 | Zig:26   | Noticed Roudwoti the pandemonium lord
195129 | Zig:26   | Killed Roudwoti the pandemonium lord
195136 | Zig:26   | Noticed Thix the pandemonium lord
195139 | Zig:26   | Noticed Hubbu the pandemonium lord
195150 | Zig:26   | Noticed Dilen the pandemonium lord
195152 | Zig:26   | Killed Thix the pandemonium lord
195153 | Zig:26   | Noticed Boidiyw the pandemonium lord
195156 | Zig:26   | Killed Hubbu the pandemonium lord
195157 | Zig:26   | Killed Dilen the pandemonium lord
195158 | Zig:26   | Noticed Zedghiedao the pandemonium lord
195160 | Zig:26   | Noticed Simpuis the pandemonium lord
195164 | Zig:26   | Noticed Qoynn the pandemonium lord
195167 | Zig:26   | Noticed Beite the pandemonium lord
195169 | Zig:26   | Noticed Smekhluk the pandemonium lord
195179 | Zig:26   | Noticed Thukk the pandemonium lord
195180 | Zig:26   | Noticed Sopnaq the pandemonium lord
195188 | Zig:26   | Killed Simpuis the pandemonium lord
195188 | Zig:26   | Killed Boidiyw the pandemonium lord
195190 | Zig:26   | Simpuis (ally) was killed the pandemonium lord
195190 | Zig:26   | Your ally Simpuis died
195195 | Zig:26   | Killed Qoynn the pandemonium lord
195196 | Zig:26   | Killed Beite the pandemonium lord
195196 | Zig:26   | Killed Sopnaq the pandemonium lord
195196 | Zig:26   | Killed Zedghiedao the pandemonium lord
195203 | Zig:26   | Killed Thukk the pandemonium lord
195203 | Zig:26   | Reached skill level 23 in Air Magic
195206 | Zig:26   | Killed Smekhluk the pandemonium lord
195211 | Zig:26   | Noticed Icely the pandemonium lord
195213 | Zig:26   | Noticed Trotof the pandemonium lord
195225 | Zig:26   | Noticed Zuthur the pandemonium lord
195241 | Zig:26   | Noticed Aremueq the pandemonium lord
195242 | Zig:26   | Noticed Busaos the pandemonium lord
195244 | Zig:26   | Noticed Cuaq the pandemonium lord
195245 | Zig:26   | Noticed Criac the pandemonium lord
195247 | Zig:26   | Noticed Viur the pandemonium lord
195247 | Zig:26   | Noticed Vouf the pandemonium lord
195248 | Zig:26   | Noticed Tijyuts the pandemonium lord
195249 | Zig:26   | Noticed Merph the pandemonium lord
195249 | Zig:26   | Noticed Guxt the pandemonium lord
195250 | Zig:26   | Noticed Ovowist the pandemonium lord
195250 | Zig:26   | Noticed Woudi the pandemonium lord
195250 | Zig:26   | Noticed Pinu Mnaff the pandemonium lord
195251 | Zig:26   | Noticed Viall the pandemonium lord
195251 | Zig:26   | Noticed Yrhot the pandemonium lord
195251 | Zig:26   | Noticed Giaqemy the pandemonium lord
195251 | Zig:26   | Noticed Blyrikhi the pandemonium lord
195252 | Zig:26   | Noticed Vesiurol the pandemonium lord
195266 | Pan      | Killed Ovowist the pandemonium lord
195363 | Pan      | Upgraded the game from 0.16-a0-2921-g3a24241 to 0.16-a0-2930-gdd371d7
195602 | Pan      | Found an exit through the horrors of the Abyss.
195705 | Pan      | Noticed Jekat the pandemonium lord
195724 | Pan      | Killed Jekat the pandemonium lord
195819 | Pan      | Noticed Ytyong the pandemonium lord
195830 | Pan      | Killed Ytyong the pandemonium lord
195830 | Pan      | Reached skill level 24 in Air Magic
196390 | Pan      | Found an exit through the horrors of the Abyss.
196425 | Pan      | Noticed Stroffat the pandemonium lord
196432 | Pan      | Killed Stroffat the pandemonium lord
196650 | Pan      | Noticed Riuh the pandemonium lord
196672 | Pan      | Killed Riuh the pandemonium lord
196738 | Pan      | Reached skill level 25 in Air Magic
196904 | Pan      | Noticed Emedghaong the pandemonium lord
196920 | Pan      | Killed Emedghaong the pandemonium lord
196964 | Pan      | Found an exit through the horrors of the Abyss.
197405 | Pan      | Found an exit through the horrors of the Abyss.
197846 | Pan      | Reached skill level 26 in Air Magic
198414 | Pan      | Found an exit through the horrors of the Abyss.
198498 | Pan      | Noticed Boej the pandemonium lord
198524 | Depths:1 | Escaped Pandemonium
198887 | Crypt:3  | Learned a level 9 spell: Tornado
199219 | Pan      | Entered Pandemonium
199447 | Pan      | Noticed Schiolix the pandemonium lord
199467 | Pan      | Killed Schiolix the pandemonium lord
199612 | Pan      | Found a huge runed gate.
199621 | Pan      | Noticed Xunephen the pandemonium lord
199636 | Pan      | Killed Xunephen the pandemonium lord
199636 | Pan      | Reached skill level 27 in Air Magic
199917 | Pan      | Reached skill level 24 in Necromancy
200024 | Pan      | Found an exit through the horrors of the Abyss.
200074 | Pan      | Noticed Pnujiq the pandemonium lord
200094 | Pan      | Killed Pnujiq the pandemonium lord
200340 | Pan      | Identified the Disquisition on Air (You found it in Pandemonium)
200380 | Pan      | Found an exit through the horrors of the Abyss.
200535 | Pan      | Noticed Oghaalaf the pandemonium lord
200593 | Pan      | Killed Oghaalaf the pandemonium lord
200662 | Pan      | Found a gateway to a ziggurat.
200662 | Pan      | Found an exit through the horrors of the Abyss.
200668 | Zig:1    | Entered Level 1 of a ziggurat
200703 | Zig:2    | Entered Level 2 of a ziggurat
200741 | Zig:2    | Reached skill level 25 in Necromancy
200748 | Zig:3    | Entered Level 3 of a ziggurat
200788 | Zig:4    | Entered Level 4 of a ziggurat
200816 | Zig:4    | Got a twitching iron ring
200817 | Zig:4    | Identified the ring of Perfectionism {Ice Int+3} (You found it on level 4 of a ziggurat)
200831 | Zig:5    | Entered Level 5 of a ziggurat
200848 | Zig:5    | Reached skill level 26 in Necromancy
200882 | Zig:6    | Entered Level 6 of a ziggurat
200942 | Zig:7    | Entered Level 7 of a ziggurat
201047 | Zig:8    | Entered Level 8 of a ziggurat
201065 | Zig:8    | Reached skill level 27 in Necromancy
201111 | Zig:9    | Entered Level 9 of a ziggurat
201176 | Zig:9    | Reached skill level 14 in Charms
201223 | Zig:9    | Got a vibrating tin ring
201224 | Zig:9    | Identified the ring of the Kraken {MP+9 Str+3 Int+4} (You found it on level 9 of a ziggurat)
201255 | Zig:10   | Entered Level 10 of a ziggurat
201273 | Zig:10   | Noticed Ghuun Hay the pandemonium lord
201286 | Zig:10   | Reached skill level 15 in Charms
201305 | Zig:10   | Killed Ghuun Hay the pandemonium lord
201305 | Zig:10   | Reached skill level 16 in Charms
201607 | Zig:11   | Entered Level 11 of a ziggurat
201627 | Zig:11   | Reached skill level 17 in Charms
201669 | Zig:11   | Got a slimy steel ring
201670 | Zig:11   | Identified the ring of Otiattae {+Rage rC+ rN+} (You found it on level 11 of a ziggurat)
201689 | Zig:12   | Entered Level 12 of a ziggurat
201728 | Zig:12   | Reached skill level 18 in Charms
201780 | Zig:12   | Got a glittering amber ring
201781 | Zig:12   | Identified the ring "Kidacew" {rElec rF++ Stlth+} (You found it on level 12 of a ziggurat)
201818 | Zig:13   | Entered Level 13 of a ziggurat
201844 | Zig:13   | Noticed Ojedoz the pandemonium lord
201861 | Zig:14   | Entered Level 14 of a ziggurat
201865 | Zig:14   | Reached skill level 19 in Charms
202121 | Zig:14   | Reached skill level 20 in Charms
202226 | Zig:14   | Got a brightly glowing copper ring
202227 | Zig:14   | Identified the ring of Midwinter {+Inv rF+ rC+ Stlth--} (You found it on level 14 of a ziggurat)
202456 | Zig:15   | Entered Level 15 of a ziggurat
202471 | Zig:15   | Reached skill level 21 in Charms
202538 | Zig:15   | Got an ancient marble ring
202539 | Zig:15   | Identified the ring of Greebeikh {MP+9 Str+4 Int+2} (You found it on level 15 of a ziggurat)
202560 | Zig:15   | Got a ring of the Octopus King
202561 | Zig:15   | Identified a ring of the Octopus King {rN+ AC+1 EV+1 Str+1 Int+1 Dex+1} (You found it on level 15 of a ziggurat)
202583 | Zig:16   | Entered Level 16 of a ziggurat
202594 | Zig:16   | Reached skill level 22 in Charms
202614 | Zig:16   | Reached skill level 23 in Charms
202636 | Zig:16   | Got a heavily runed golden ring
202637 | Zig:16   | Identified the ring "Bodu" {AC+3 Str+2 Dex+3} (You found it on level 16 of a ziggurat)
202640 | Zig:16   | Got a wavering crystal amulet
202641 | Zig:16   | Identified the amulet "Thirel" {rCorr rC++ Stlth--} (You found it on level 16 of a ziggurat)
203132 | Zig:17   | Entered Level 17 of a ziggurat
203223 | Zig:17   | Reached skill level 24 in Charms
203286 | Zig:17   | Got a clouded tin ring
203287 | Zig:17   | Identified the ring "Pnoliz" {rPois rC++} (You found it on level 17 of a ziggurat)
203340 | Zig:18   | Entered Level 18 of a ziggurat
203499 | Zig:18   | Reached skill level 25 in Charms
203702 | Zig:18   | Got a bound lead ring
203703 | Zig:18   | Identified the ring of the Solstice {Fire Str+4 Dex+5} (You found it on level 18 of a ziggurat)
203711 | Zig:18   | Identified the Volume of the Rocks (You found it on level 18 of a ziggurat)
203745 | Zig:19   | Entered Level 19 of a ziggurat
203797 | Zig:19   | Noticed Pnyixi the pandemonium lord
203828 | Zig:19   | Reached skill level 26 in Charms
203836 | Zig:19   | Killed Pnyixi the pandemonium lord
204059 | Zig:19   | Got a ring of the Octopus King
204086 | Zig:19   | Gained mutation: Your spells are a little harder to cast, but a little more powerful. [potion of beneficial mutation]
204110 | Zig:19   | Identified a ring of the Octopus King {Wiz AC+1 EV+1 Str+1 Int+1 Dex+1} (You found it on level 19 of a ziggurat)
204143 | Zig:20   | Entered Level 20 of a ziggurat
204317 | Zig:20   | Reached skill level 20 in Fire Magic
204882 | Zig:20   | Got a glittering granite ring
204887 | Zig:20   | Got a fine platinum ring
204888 | Zig:20   | Identified the ring of the Three Suns {Str+4 Int+2 SInv} (You found it on level 20 of a ziggurat)
204889 | Zig:20   | Identified the ring of Zin's Hope {MP+9 Int+4 Dex+2} (You found it on level 20 of a ziggurat)
204899 | Zig:20   | Got a scintillating granite ring
204900 | Zig:20   | Identified the ring "Vyutunt" {Ice Str+2 Int+5 Dex-2} (You found it on level 20 of a ziggurat)
204908 | Zig:20   | Got a bound pewter ring
204909 | Zig:20   | Identified the ring of Agnosticism {Int+4 Dex+2 Stlth-} (You found it on level 20 of a ziggurat)
204932 | Zig:21   | Entered Level 21 of a ziggurat
204974 | Zig:21   | Reached skill level 21 in Fire Magic
205210 | Zig:22   | Entered Level 22 of a ziggurat
205614 | Zig:22   | Reached skill level 22 in Fire Magic
205633 | Zig:22   | Noticed an ancient lich
205634 | Zig:22   | Noticed an ancient lich
205650 | Zig:22   | Reached skill level 23 in Fire Magic
205654 | Zig:22   | Killed an ancient lich
205661 | Zig:22   | Killed an ancient lich
205661 | Zig:22   | Reached skill level 24 in Fire Magic
205822 | Zig:23   | Entered Level 23 of a ziggurat
205857 | Zig:23   | Reached skill level 25 in Fire Magic
205893 | Zig:23   | Reached skill level 26 in Fire Magic
206031 | Zig:23   | Got a flickering silver ring
206046 | Zig:23   | Got a faintly glowing lapis lazuli ring
206047 | Zig:23   | Identified the ring of Divine Intervention {Str+3 Dex+3} (You found it on level 23 of a ziggurat)
206048 | Zig:23   | Identified the ring "Xideg" {Int-5 Dex+4 Stlth-} (You found it on level 23 of a ziggurat)
206205 | Zig:23   | Reached skill level 27 in Fire Magic
206210 | Zig:24   | Entered Level 24 of a ziggurat
206233 | Zig:24   | Reached skill level 1 in Unarmed Combat
206235 | Zig:24   | Reached skill level 2 in Unarmed Combat
206241 | Zig:24   | Reached skill level 3 in Unarmed Combat
206243 | Zig:24   | Reached skill level 4 in Unarmed Combat
206246 | Zig:24   | Reached skill level 5 in Unarmed Combat
206247 | Zig:24   | Reached skill level 6 in Unarmed Combat
206255 | Zig:24   | Reached skill level 7 in Unarmed Combat
206257 | Zig:24   | Reached skill level 8 in Unarmed Combat
206258 | Zig:24   | Reached skill level 9 in Unarmed Combat
206268 | Zig:24   | Reached skill level 10 in Unarmed Combat
206276 | Zig:24   | Reached skill level 11 in Unarmed Combat
206295 | Zig:24   | Reached skill level 12 in Unarmed Combat
206413 | Zig:24   | Got a wavering tin ring
206415 | Zig:24   | Got a glittering jade ring
206416 | Zig:24   | Identified the ring "Yruvemir" {Str+2 Int+2 Dex+2 Stlth+} (You found it on level 24 of a ziggurat)
206417 | Zig:24   | Identified the ring "Phuqiomo" {Wiz +Fly rPois rN+ SInv} (You found it on level 24 of a ziggurat)
206433 | Zig:24   | Got a sparkling jade ring
206434 | Zig:24   | Identified the ring "Cleotz" {SInv Stlth+} (You found it on level 24 of a ziggurat)
206463 | Zig:24   | Got a translucent lead amulet
206464 | Zig:24   | Identified the amulet "Croucena" {Str+3 Regen} (You found it on level 24 of a ziggurat)
206560 | Zig:25   | Entered Level 25 of a ziggurat
206649 | Zig:25   | Reached skill level 13 in Unarmed Combat
206666 | Zig:25   | Reached skill level 14 in Unarmed Combat
206682 | Zig:25   | Reached skill level 15 in Unarmed Combat
206817 | Zig:25   | Reached skill level 16 in Unarmed Combat
206939 | Zig:25   | Got a pitted iron amulet
206940 | Zig:25   | Identified the amulet "Dowkupn" {+Rage rPois rF+ MR+ Slay-2} (You found it on level 25 of a ziggurat)
206977 | Zig:26   | Entered Level 26 of a ziggurat
207042 | Zig:26   | Reached skill level 17 in Unarmed Combat
207053 | Zig:26   | Reached skill level 18 in Unarmed Combat
207063 | Zig:26   | Reached skill level 19 in Unarmed Combat
207066 | Zig:26   | HP: 14/154 [deep elf high priest/divine providence (8)]
207066 | Zig:26   | HP: 6/154 [deep elf high priest/divine providence (8)]
207073 | Zig:26   | HP: 11/154 [deep elf high priest/burst of hellfire (31)]
207074 | Zig:26   | HP: 1/154 [deep elf high priest/divine providence (13)]
207074 | Zig:26   | Killed from afar by a deep elf high priest

Vanquished Creatures
  the royal jelly (Slime:6)
  the Serpent of Hell (Geh:7)
  Ereshkigal (Tar:7)
  Gloorx Vloq (Pan)
  87 pandemonium lords
  Lom Lobon (Pan)
  5 orbs of fire
  Dissolution (Slime:6)
  22 ancient liches
  The ghost of Herrn the Conqueror, a legendary GrFi of Zin (Tar:1)
  35 greater mummies
  Boris (Vaults:4)
  Sojobo (Vaults:5)
  14 shard shrikes
  Margery (Depths:5)
  A curse toe (Zig:24)
  Mennas (Vaults:4)
  19 Killer Klowns
  Geryon (Hell)
  A golden dragon (shapeshifter) (Zig:15)
  2 profane servitors
  17 golden dragons
  Frederick (Vaults:4)
  2 pearl dragons (Pan)
  16 bone dragons
  55 Brimstone Fiends
  10 hellephants
  28 tentacled monstrosities
  4 caustic shrikes
  36 Hell Sentinels
  74 Ice Fiends
  A quicksilver dragon (shapeshifter) (Zig:14)
  19 Orb Guardians (Zot:5)
  10 titans
  6 quicksilver dragons
  46 Shadow Fiends
  22 liches
  Asterion (Depths:1)
  45 deep elf master archers
  17 tentacled starspawn
  40 acid blobs
  82 Executioners
  16 deep elf blademasters
  An eldritch tentacle (Pan)
  8 sphinxes
  16 octopode crushers
  12 thorn hunters
  14 ancient champions
  A sphinx (shapeshifter) (Zig:15)
  14 shadow dragons
  19 tengu reavers
  Roxanne (Spider:1)
  11 daevas (Pan)
  14 storm dragons
  30 greater nagas
  17 revenants
  31 draconian monks
  19 azure jellies
  15 fire giants
  An azure jelly (shapeshifter) (Zig:15)
  12 ghost moths
  15 vault wardens
  13 iron dragons
  6 emperor scorpions
  A ghost moth (shapeshifter) (Zig:26)
  19 deep elf sorcerers
  103 balrugs
  9 orc warlords
  4 curse skulls
  43 warmongers
  34 draconian knights
  7 ghouls
  20 frost giants
  69 cacodemons
  30 draconian scorchers
  37 draconian zealots
  21 angels
  10 rakshasas
  29 draconian annihilators
  8 ophanim (Pan)
  162 reapers
  16 very ugly things
  31 draconian shifters
  3 Killer Klown zombies
  16 grey draconians
  An elemental wellspring (Coc:7)
  38 stone giants
  28 draconian callers
  8 salamander firebrands
  8 bennus
  19 vampire knights
  46 lorocyprocas
  20 apis (Pan)
  48 chaos champions
  25 deep elf demonologists
  17 black draconians
  17 war gargoyles
  18 green draconians
  50 corrupters
  10 white draconians
  2 spectral titans
  11 mottled draconians
  14 dire elephants
  12 pale draconians
  11 red draconians
  31 deep elf annihilators
  16 ettins
  50 black suns
  52 blood saints
  13 purple draconians
  2 fire crabs (shapeshifter) (Vaults:2)
  67 blizzard demons
  19 yellow draconians
  10 unborn
  A spectral caustic shrike (Zig:18)
  7 caustic shrike zombies
  19 eidola
  27 merfolk javelineers
  2 minotaurs
  15 deep elf death magi
  A crystal guardian (Zig:8)
  3 quicksilver dragon zombies
  11 death oozes
  70 green deaths
  12 vault guards
  2 fire dragons (shapeshifter)
  19 fire dragons
  23 jiangshi
  A spectral golden dragon (Zig:4)
  31 mummy priests
  A caustic shrike skeleton (Zig:27)
  20 great orbs of eyes
  7 merfolk impalers (Zig:24)
  28 yaktaur captains
  32 ice dragons
  28 deep elf high priests
  18 ironheart preservers
  6 death cobs
  4 spriggan air magi
  Harold (Lair:2)
  10 naga warriors
  24 centaur warriors
  7 quicksilver dragon skeletons
  4 anacondas
  10 ghost crabs
  69 monstrous demonspawn
  17 ogre magi
  10 merfolk avatars
  5 death knights
  The ghost of hackum the Cleaver, an experienced DDFi of Gozag (D:10)
  4 alligator snapping turtles
  A spectral stone giant (Crypt:3)
  20 merfolk aquamancers
  12 dancing weapons
  4 deep troll shamans
  54 hydras
  5 satyrs
  A deep troll earth mage (Depths:3)
  A ghost crab (shapeshifter) (Zig:15)
  7 alligators
  2 spectral fire giants
  9 vampire magi
  The ghost of RobertPalmer the Black Sun, a powerful OpNe of Kikubaaqudgha (D:11)
  11 death yaks
  20 naga sharpshooters
  48 hell beasts
  140 sun demons
  A spriggan berserker (Depths:4)
  8 shock serpents
  11 iron golems
  13 titan zombies
  20 hell hogs
  31 thrashing horrors
  4 tengu warriors
  12 orc high priests
  Nergalle (Orc:4)
  19 storm dragon zombies
  The ghost of hackum the Cleaver, an experienced DDFi (D:6)
  6 holy swine (Pan)
  17 wretched stars
  139 skeletal warriors
  3 fire crabs
  40 deep elf knights
  88 death scarabs
  13 titan skeletons
  2 iron trolls (shapeshifter) (Zig:15)
  39 shadow wraiths
  48 hell knights
  5 spatial maelstroms
  19 catoblepae
  14 death drakes
  12 iron trolls
  A death drake (shapeshifter) (Zig:15)
  A spectral anaconda (Zig:24)
  6 spriggan druids
  18 golden dragon zombies
  12 sea snakes (Zig:24)
  10 unseen horrors
  A ghost moth zombie (Tar:1)
  A ball lightning (Pan)
  11 cherubim (Pan)
  20 flayed ghosts
  7 storm dragon skeletons
  11 salamander mystics
  73 soul eaters
  115 ice devils
  10 anaconda zombies
  11 giant orange brains
  32 swamp dragons
  16 deep trolls
  83 gelid demonspawn
  59 shadow demons
  2 lindwurms
  6 naga ritualists
  22 deep elf summoners
  73 infernal demonspawn
  2 giant orange brains (shapeshifter)
  4 shambling mangroves
  6 ice statues
  10 hill giants
  9 golden dragon skeletons
  9 shadow dragon zombies
  Pikel (D:6)
  26 ironbrand convokers
  83 torturous demonspawn
  78 putrid demonspawn (Pan)
  29 necromancers
  12 tengu zombies
  23 orc knights
  A harpy (shapeshifter) (Zig:26)
  3 anaconda skeletons
  10 orb spiders
  25 orc sorcerers
  3 fauns (Zig:24)
  9 oklob plants
  21 iron dragon zombies
  47 deep elf conjurers
  A wolf spider (shapeshifter) (Zig:5)
  A deathcap (Zig:24)
  7 sphinx zombies
  30 harpies
  18 two-headed ogres
  A moth of wrath (shapeshifter) (Zig:8)
  6 fire giant zombies
  9 tengu skeletons
  17 wolf spiders
  22 anubis guards
  A spectral spriggan (Zig:4)
  20 wizards
  6 wolf spider zombies
  20 cyclopes
  27 draconian zombies
  11 griffons
  A faun (shapeshifter) (Zig:8)
  12 mana vipers
  A death scarab zombie (Tomb:1)
  2 mana vipers (shapeshifter)
  10 red wasps
  8 stone giant zombies
  5 sphinx skeletons
  9 water nymphs (Zig:24)
  A manticore (shapeshifter) (Zig:8)
  8 manticores
  An octopode zombie (Zig:25)
  10 shadow dragon skeletons
  15 salamanders
  17 shining eyes
  A red wasp (shapeshifter) (Zig:8)
  39 black mambas
  18 guardian serpents
  31 phantasmal warriors
  6 stone giant skeletons
  33 moths of wrath
  28 ugly things
  5 frost giant zombies
  11 worldbinders
  3 iron dragon skeletons
  A shock serpent zombie (Geh:1)
  8 sirens
  An elephant (shapeshifter) (Zig:10)
  6 fire giant skeletons
  9 elephants
  A guardian serpent (shapeshifter) (Depths:4)
  164 sixfirhies
  105 rust devils
  18 vault sentinels
  5 frost giant skeletons
  2 molten gargoyles (Geh:7)
  2 demonspawn zombies (Pan)
  10 draconian skeletons
  12 apocalypse crabs
  187 orange demons
  5 dire elephant zombies
  14 eyes of devastation
  241 smoke demons
  6 gargoyles
  5 titan simulacra
  6 torpor snails
  4 dire elephant skeletons
  36 spiny frogs
  2 red draconian zombies
  An emperor scorpion zombie (Tomb:1)
  2 centaur skeletons
  A white draconian zombie (Zig:23)
  3 mottled draconian zombies
  3 yellow draconian zombies
  A green draconian zombie (Zig:23)
  A queen ant (Lair:4)
  2 purple draconian zombies (Zig:23)
  6 kobold demonologists
  48 yaktaurs
  3 yaktaur zombies
  A pale draconian zombie (Zig:23)
  2 demonspawn skeletons (Zig:22)
  A black draconian skeleton (Zig:21)
  23 naga magi
  3 grey draconian zombies
  2 black draconian zombies
  2 spectral glowing shapeshifters
  An elf (shapeshifter) (Vaults:3)
  83 hellions
  18 komodo dragons
  30 demonic crawlers
  A redback zombie (Crypt:2)
  3 storm dragon simulacra
  67 starcursed masses
  4 iron troll zombies (Zig:14)
  An anaconda simulacrum (Coc:7)
  224 hellwings
  8 trolls
  4 yaktaur skeletons
  2 red draconian skeletons (Crypt:1)
  13 ancient zymes
  104 tormentors
  79 blue devils
  22 fire drakes
  150 red devils
  12 hydra zombies
  58 guardian mummies
  2 purple draconian skeletons (Zig:21)
  23 efreet
  8 giant leeches
  2 golden dragon simulacra (IceCv)
  33 deep elf priests
  10 tengu conjurers
  3 harpy zombies
  5 silent spectres
  3 catoblepas zombies
  31 merfolk
  6 wandering mushrooms
  15 tarantellas
  69 freezing wraiths
  A raiju (shapeshifter) (Depths:4)
  7 boulder beetles
  7 snapping turtles (Zig:24)
  10 wind drakes
  21 jumping spiders
  A spectral tarantella (Zig:9)
  22 fire vortices
  18 bog bodies
  23 raiju
  2 shadow dragon simulacra
  55 small abominations
  8 alligator zombies
  A red wasp zombie (Zig:18)
  3 ettin zombies
  3 harpy skeletons
  140 slime creatures
  A baby alligator (shapeshifter) (Vaults:3)
  7 hydra skeletons
  5 ice dragon zombies
  13 ravens
  2 slime creatures (shapeshifter) (Zig:15)
  3 wyverns
  2 frost giant simulacra
  5 trapdoor spiders
  6 fire dragon zombies
  18 ushabtiu
  4 ettin skeletons
  8 basilisks
  26 blink frogs
  174 ynoxinuls
  A centaur simulacrum (D:14)
  3 ice dragon skeletons
  2 stone giant simulacra
  2 black mamba zombies
  184 flying skulls
  A trapdoor spider (shapeshifter) (Abyss:3)
  3 fire dragon skeletons
  35 redbacks
  33 water elementals
  3 air elementals
  2 alligator skeletons
  7 spriggans
  A golden eye (shapeshifter) (Vaults:4)
  46 shadows
  A spectral dryad (Zig:24)
  41 yaks
  27 deep elf magi
  A hog (D:14)
  4 harpy simulacra (IceCv)
  43 wraiths
  2 black mamba skeletons
  31 chaos spawn
  5 fire bats
  17 fire elementals
  10 humans
  126 neqoxecs
  14 golden eyes
  4 hill giant zombies (WizLab)
  15 hippogriffs
  194 large abominations
  66 deep elf fighters
  19 vampires
  A dire elephant simulacrum (IceCv)
  13 wargs
  An infernal demonspawn zombie (Crypt:1)
  46 vampire mosquitoes
  5 steam dragons
  23 swamp worms
  13 hungry ghosts
  14 nagas
  3 salamander zombies (Zig:22)
  Menkaure (D:5)
  An iron troll simulacrum (IceCv)
  10 spatial vortices
  A merfolk zombie (Hell)
  2 wolves
  2 mottled dragons (Zig:22)
  10 ogre zombies
  10 hydra simulacra
  13 soldier ants
  A gelid demonspawn skeleton (Crypt:1)
  56 hell hounds
  51 orc warriors
  8 yellow wasps
  17 spiders
  32 swamp drakes
  3 deep troll skeletons
  5 sky beasts
  4 spiny frog skeletons
  44 water moccasins
  13 boggarts
  65 ogres
  19 ice beasts
  5 spiny frog zombies
  A spriggan simulacrum (Zig:7)
  2 black bears
  5 phantoms
  9 porcupines
  31 centaurs
  2 slaves (D:6)
  An alligator simulacrum (Coc:3)
  5 snapping turtle zombies
  2 swamp dragon skeletons (Geh:7)
  30 crocodiles
  5 boring beetles
  21 eyes of draining
  22 necrophages
  A manticore skeleton (Geh:4)
  4 lost souls
  8 brain worms
  5 snapping turtle skeletons
  An anubis guard skeleton (Tomb:2)
  A boring beetle (shapeshifter) (Zig:26)
  Sigmund (D:7)
  45 elf zombies
  3 big kobolds
  An elf simulacrum (Zig:24)
  19 elf skeletons
  18 insubstantial wisps
  9 earth elementals (Zig:8)
  A wyvern zombie (D:11)
  16 giant frogs
  A hell hound zombie (Geh:7)
  5 scorpions
  A water moccasin zombie (Zig:14)
  2 spiny frog simulacra
  12 spriggan zombies
  A wyvern skeleton (D:14)
  A warg zombie (Zig:14)
  5 human simulacra
  A boulder beetle zombie (Vaults:2)
  A raiju zombie (Crypt:2)
  9 troll zombies
  12 killer bees
  79 wights
  5 electric eels
  4 goliath beetles
  15 quasits
  A spectral crocodile (Zig:16)
  6 spriggan skeletons
  21 crimson imps
  3 vampire bats (Abyss:4)
  5 centaur zombies
  35 orc priests
  16 human zombies
  A giant frog skeleton (D:13)
  8 hounds
  66 iron imps
  A giant frog zombie (D:7)
  62 jellies
  10 human skeletons
  39 orc wizards
  8 iguanas
  19 worker ants
  A lightning spire (Zig:8)
  14 orange rats
  A crocodile zombie (Lair:8)
  2 naga zombies
  34 sheep
  A big kobold zombie (Ossuary)
  A necrophage skeleton (Geh:3)
  4 ogre skeletons
  3 hound skeletons
  100 mummies
  A spectral worm (Zig:24)
  A worker ant zombie (D:5)
  29 river rats
  32 adders
  7 gnolls
  31 white imps
  A steam dragon skeleton (Crypt:1)
  A giant mite (D:3)
  5 giant eyeballs (Pan)
  31 shadow imps
  11 worms
  245 ufetubi
  4 adder zombies
  A halfling zombie (Crypt:1)
  An adder skeleton (D:9)
  8 giant geckos
  252 orcs
  15 bats
  2 bat zombies (D:7)
  7 giant cockroaches
  44 goblins
  30 hobgoblins
  2 ball pythons (D:1)
  A ball python skeleton (D:4)
  9 giant newts
  A giant spore (D:10)
  5 goblin zombies
  13 hobgoblin zombies (Ossuary)
  16 jackals
  2 jackal zombies (Ossuary)
  44 kobolds
  A kobold skeleton (Tar:4)
  7 kobold zombies (Ossuary)
  A lurking horror (Abyss:2)
  3 orc skeletons
  16 orc zombies
  11 quokkas
  A quokka skeleton (D:4)
  A quokka zombie (D:6)
  18 rats
  A rat zombie (Ossuary)
  A spectral quokka (Zig:25)
  47 blocks of ice
  62 briar patches
  9 butterflies (Pan)
  19 crawling corpses
  4 fungi
  24 grand avatars
  8 plants
  8 starspawn tentacles
  3 starspawn tentacle segments (Zig:11)
11349 creatures vanquished.

Vanquished Creatures (collateral kills)
  Antaeus (Coc:7)
  Asmodeus (Geh:7)
  Cerebov (Pan)
  A seraph (Pan)
  Mnoleg (Pan)
  Dispater (Dis:7)
  13 pandemonium lords
  4 greater mummies
  2 ancient liches
  8 shard shrikes
  the Lernaean hydra (Swamp:5)
  Norris (Swamp:3)
  7 Killer Klowns
  Mara (Depths:1)
  4 golden dragons
  the Enchantress (Depths:1)
  3 bone dragons
  A caustic shrike (shapeshifter) (Zig:26)
  4 hellephants
  A caustic shrike (Zig:14)
  2 electric golems (Zot:5)
  8 Brimstone Fiends
  11 tentacled monstrosities
  12 Ice Fiends
  A lich (Crypt:3)
  6 Hell Sentinels
  6 Orb Guardians (Zot:5)
  16 Shadow Fiends
  4 deep elf blademasters (Zig:19)
  A quicksilver dragon (shapeshifter) (Zig:26)
  17 acid blobs
  2 quicksilver dragons (Dis:4)
  A titan (Vaults:5)
  2 deep elf master archers (Zig:19)
  3 sphinxes
  7 octopode crushers
  5 tentacled starspawn
  Agnes (Swamp:4)
  3 thorn hunters
  3 warmongers
  8 Executioners
  4 eldritch tentacles
  Kirke (D:14)
  2 shadow dragons
  5 ancient champions
  6 tengu reavers
  7 draconian monks
  Frances (Spider:2)
  2 storm dragons
  4 daevas (Pan)
  5 revenants (Zig:16)
  11 azure jellies
  9 frost giants
  A fire giant (shapeshifter) (Zig:26)
  Donald (D:13)
  Wiglaf (Swamp:2)
  5 iron dragons
  14 greater nagas
  5 vault wardens
  9 fire giants
  5 cacodemons
  7 draconian knights
  15 balrugs
  Louise (D:15)
  3 draconian scorchers
  7 ghost moths
  7 deep elf sorcerers
  9 emperor scorpions
  4 orc warlords
  6 ghouls
  3 angels (Pan)
  4 draconian annihilators
  A draconian zealot (Zig:18)
  Jorgrun (Depths:2)
  6 draconian callers
  3 ophanim (Pan)
  6 spriggan defenders
  6 very ugly things
  28 reapers
  4 grey draconians
  4 draconian shifters
  9 stone giants
  An apis (Pan)
  4 elemental wellsprings (Coc:7)
  7 war gargoyles
  5 blood saints
  2 bennus (Zig:18)
  6 green draconians
  4 lorocyprocas
  3 vampire knights
  3 deep elf demonologists
  A black draconian (Zig:15)
  3 chaos champions
  12 dire elephants
  6 purple draconians
  5 pale draconians
  6 mottled draconians
  A red draconian (Zot:3)
  12 deep elf annihilators
  7 black suns
  2 dire elephants (shapeshifter)
  2 corrupters
  4 white draconians
  4 caustic shrike zombies
  3 yellow draconians
  5 ettins
  7 deep elf death magi
  20 blizzard demons
  Snorg (Spider:1)
  4 unborn
  2 minotaurs
  The ghost of nht the Bludgeoner, a powerful OgBe of Trog (D:11)
  6 merfolk javelineers
  5 eidola
  7 jiangshi
  4 mummy priests (Tomb:1)
  A quicksilver dragon zombie (Zig:23)
  4 deep elf high priests
  9 death oozes
  Josephine (D:13)
  9 ironheart preservers
  A merfolk impaler (Zig:25)
  A crystal guardian (Vaults:2)
  6 rakshasas
  9 great orbs of eyes
  6 fire dragons
  3 death cobs
  29 hydras
  6 ogre magi
  8 green deaths
  13 ice dragons
  9 yaktaur captains
  Fannar (D:13)
  3 caustic shrike skeletons
  12 vault guards (Vaults:5)
  4 naga warriors
  Nessos (D:15)
  6 hell beasts
  3 centaur warriors
  3 monstrous demonspawn (Pan)
  2 ghost crabs (Zig:24)
  Erica (Lair:4)
  5 alligators
  A merfolk aquamancer (Zig:25)
  6 spriggan air magi
  8 death yaks
  2 deep troll shamans (Depths:5)
  A ghost crab (shapeshifter) (Vaults:1)
  4 anacondas
  A dancing weapon (Elf:1)
  3 deep troll earth magi
  6 thrashing horrors
  3 orc high priests
  5 death knights
  7 shock serpents
  A naga sharpshooter (Zig:16)
  3 spriggan berserkers
  6 catoblepae (Zig:23)
  A shock serpent (shapeshifter) (Zig:10)
  3 titan zombies
  5 vampire magi
  6 storm dragon zombies
  3 iron golems (Dis:4)
  4 titan skeletons
  16 ice devils
  4 deep elf knights
  5 hell hogs (Geh:7)
  3 wretched stars
  17 hell knights
  39 skeletal warriors
  10 iron trolls
  15 sun demons
  2 naga ritualists (Zig:17)
  A spectral ghost moth (Zig:24)
  2 spatial maelstroms
  5 spriggan druids
  9 soul eaters
  A storm dragon skeleton (Geh:7)
  3 golden dragon zombies
  30 death scarabs (Tomb:3)
  10 deep trolls
  4 ball lightnings (Pan)
  2 cherubim (Pan)
  6 shadow wraiths
  A sea snake (Zig:25)
  An unseen horror (Vaults:1)
  8 death drakes
  An anaconda zombie (Coc:5)
  5 shambling mangroves
  A spectral iron dragon (Zig:24)
  Erolcha (D:13)
  6 ironbrand convokers
  18 swamp dragons
  A salamander mystic (Zig:17)
  3 shadow demons
  An obsidian statue (Zig:15)
  8 gelid demonspawn (Pan)
  A lindwurm (shapeshifter) (Depths:1)
  A ghost moth zombie (Crypt:1)
  3 wizards
  6 orc knights
  5 torturous demonspawn (Pan)
  11 flayed ghosts
  6 deep elf summoners
  3 giant orange brains
  2 putrid demonspawn (Pan)
  2 tengu zombies
  3 anubis guards
  7 necromancers
  2 sphinx zombies
  A golden dragon skeleton (Zig:23)
  A shadow dragon zombie (Zig:27)
  5 anaconda skeletons
  5 hill giants
  3 orc sorcerers
  An orb spider (shapeshifter) (Vaults:3)
  15 red wasps
  12 small abominations
  2 infernal demonspawn (Pan)
  11 shining eyes
  16 orb spiders
  19 ugly things
  A salamander (Depths:4)
  2 iron dragon zombies
  5 stone giant zombies
  A mana viper (shapeshifter) (D:13)
  A frost giant zombie (Zig:16)
  3 fire giant zombies
  15 sixfirhies
  5 cyclopes
  A draconian zombie (Zig:17)
  A manticore (Depths:1)
  7 deep elf conjurers
  3 shadow dragon skeletons
  A moth of wrath (shapeshifter) (Vaults:5)
  2 tengu skeletons
  5 griffons
  2 phantasmal warriors (Crypt:3)
  A shining eye (shapeshifter) (Zig:15)
  23 wolf spiders
  9 iron dragon skeletons
  7 moths of wrath
  10 oklob plants
  24 large abominations
  A fire giant skeleton (Coc:7)
  3 spriggan zombies
  A worldbinder (Tar:7)
  3 sphinx skeletons
  A draconian skeleton (Zig:17)
  A frost giant skeleton (Coc:7)
  2 centaur zombies (D:13)
  5 guardian serpents
  2 vault sentinels
  4 stone giant skeletons
  A molten gargoyle (Geh:7)
  A titan simulacrum (Coc:7)
  7 elephants
  7 torpor snails
  17 black mambas
  6 naga magi
  27 spiny frogs
  13 rust devils
  2 efreet
  A dire elephant skeleton (Tomb:1)
  2 shock serpent skeletons
  2 centaur skeletons
  7 eyes of devastation
  24 yaktaurs
  5 spriggan skeletons
  3 grey draconian zombies
  17 orange demons
  An anaconda simulacrum (Coc:7)
  3 storm dragon simulacra (Coc:7)
  3 emperor scorpion zombies
  2 apocalypse crabs
  14 hellions
  A golden dragon simulacrum (Zig:12)
  10 tormentors
  A fire drake (shapeshifter) (Vaults:4)
  15 smoke demons
  4 ancient zymes
  A yaktaur (shapeshifter) (Vaults:5)
  9 fire drakes
  12 guardian mummies
  3 kobold demonologists
  A queen bee (shapeshifter) (Zig:19)
  A spectral glowing shapeshifter (Zig:24)
  11 hellwings
  A wandering mushroom (Lair:7)
  A death yak skeleton (Crypt:1)
  9 red devils
  11 demonic crawlers
  13 giant leeches
  6 hydra zombies
  6 deep elf priests
  5 wind drakes
  A catoblepas zombie (Depths:2)
  16 komodo dragons
  13 freezing wraiths
  An iron troll skeleton (Crypt:1)
  3 silent spectres
  21 blue devils
  4 polar bears
  A troll (D:13)
  7 blink frogs
  2 fire vortices
  21 jumping spiders
  2 harpy skeletons
  59 slime creatures
  A hydra skeleton (Swamp:2)
  8 boulder beetles
  A trapdoor spider zombie (D:13)
  A basilisk (Zig:14)
  9 bog bodies
  A raiju (Abyss:3)
  4 ettin zombies
  12 ravens
  An alligator zombie (Coc:7)
  A catoblepas skeleton (Coc:7)
  3 ushabtiu
  7 two-headed ogres
  2 black mamba zombies
  21 trapdoor spiders
  3 baby alligators (Swamp:5)
  An ice dragon zombie (Coc:7)
  A centaur simulacrum (D:13)
  An ettin skeleton (Depths:2)
  3 fire dragon zombies
  14 spriggans
  37 yaks
  A fire elemental (Geh:6)
  59 flying skulls
  A deep troll skeleton (Zig:26)
  24 starcursed masses
  11 humans (D:13)
  12 vampires
  13 water elementals
  48 redbacks
  16 shadows
  5 air elementals
  A fire bat (Abyss:2)
  20 tarantellas
  15 ynoxinuls
  2 chaos spawn
  Eustachio (D:8)
  4 wyverns
  A black mamba skeleton (Zig:8)
  A yaktaur simulacrum (Vaults:5)
  A human (shapeshifter) (Depths:1)
  11 deep elf fighters
  10 wraiths
  A hog (D:14)
  16 deep elf magi
  8 hippogriffs
  12 golden eyes
  16 neqoxecs
  A steam dragon (Zig:15)
  10 elf skeletons
  6 centaurs
  3 wargs
  13 vampire mosquitoes
  Edmund (D:7)
  A monstrous demonspawn zombie (Pan)
  4 human zombies
  5 hungry ghosts
  10 swamp worms
  6 nagas
  A raven zombie (Crypt:2)
  8 soldier ants (Lair:4)
  2 mottled dragons
  18 orc warriors
  12 hell hounds
  6 wolves
  A spiny frog zombie (Coc:5)
  29 water moccasins
  6 ice beasts
  14 swamp drakes
  23 spiders
  5 hydra simulacra (Coc:7)
  15 eyes of draining
  2 phantoms
  A snapping turtle zombie (Coc:7)
  A boggart (D:14)
  A black bear (Lair:4)
  19 ogres
  A manticore skeleton (Coc:7)
  12 yellow wasps
  12 necrophages
  2 boring beetles
  A human skeleton (Zig:15)
  2 big kobolds (D:12)
  A lost soul (Crypt:1)
  25 crocodiles
  An earth elemental (Zig:12)
  Blork the orc (D:7)
  A brain worm (D:15)
  A komodo dragon skeleton (Swamp:3)
  A giant frog (Lair:2)
  7 insubstantial wisps
  4 scorpions
  A killer bee (Zig:26)
  9 wights
  14 worker ants
  5 crimson imps
  A jelly (shapeshifter) (Zig:19)
  3 quasits
  A boring beetle zombie (Zig:14)
  39 jellies
  11 elf zombies
  2 iguanas (Lair:1)
  5 orc priests
  8 orc wizards
  2 hounds
  21 adders
  10 orange rats
  7 iron imps
  13 sheep
  A naga skeleton (Coc:7)
  2 necrophage skeletons (Zig:24)
  3 ogre zombies (WizLab)
  22 mummies
  A gnoll (D:2)
  24 river rats
  9 shadow imps
  17 white imps
  4 worms
  A giant eyeball (Pan)
  51 ufetubi
  An adder skeleton (D:8)
  64 orcs
  6 bats
  5 goblins
  2 hobgoblins
  2 jackals
  10 kobolds
  A quokka (Lair:3)
  A giant newt (D:5)
  2 goblin zombies
  A lurking horror (Zig:25)
  2 orc skeletons (Orc:4)
  5 orc zombies
  3 rats
  8 blocks of ice
  3 bushes (Zot:1)
  9 butterflies (Zig:26)
  2 crawling corpses (Zig:19)
  11 fungi
  3 grand avatars (Pan)
  10 plants
  9 starspawn tentacles
2964 creatures vanquished.

Vanquished Creatures (others)
  2 pandemonium lords
  A golden dragon (Zig:15)
  Nikola (Spider:4)
  A tentacled monstrosity (Zig:18)
  6 shard shrike skeletons (Coc:7)
  A deep elf master archer (Zig:16)
  A quicksilver dragon (Geh:7)
  An octopode crusher (Zig:24)
  7 eldritch tentacles
  A draconian monk (Zig:21)
  A shadow dragon (Zig:15)
  3 tengu reavers
  A greater naga (Zig:22)
  A deep elf sorcerer (Zig:22)
  A draconian knight (Zig:21)
  A fire giant (Depths:5)
  A cacodemon (Zig:18)
  An angel (Zig:25)
  3 draconian scorchers
  An emperor scorpion (Spider:4)
  5 chimeras
  A warmonger (Pan)
  A draconian annihilator (Zig:21)
  A reaper (Pan)
  A draconian shifter (Zig:23)
  A stone giant (Zig:16)
  A Killer Klown zombie (Pan)
  An elemental wellspring (Coc:7)
  A bennu (Zig:17)
  A grey draconian (Zig:21)
  2 blood saints
  A vampire knight (Zig:16)
  A red draconian (Zig:23)
  2 caustic shrike zombies (Zig:14)
  3 blizzard demons
  A white draconian (Zig:21)
  A lorocyproca (Zig:13)
  4 very ugly thing zombies
  A green death (Zig:25)
  2 spellforged servitors
  An ettin (Zig:21)
  2 yaktaur captains
  6 quicksilver dragon zombies
  A vault guard (Vaults:5)
  2 hell beasts (Pan)
  A merfolk aquamancer (Zig:25)
  An ogre mage (Vaults:5)
  A monstrous demonspawn (Pan)
  A hydra (Zig:18)
  5 quicksilver dragon skeletons
  A dancing weapon (Pan)
  A death knight (Zig:9)
  3 titan zombies
  A hellephant zombie (Zig:23)
  4 storm dragon zombies
  3 titan skeletons
  A hell hog (Geh:7)
  A deep elf knight (Zig:26)
  A hell knight (Geh:3)
  2 ice devils
  3 golden dragon zombies
  12 death scarabs
  2 skeletal warriors
  A flayed ghost (Geh:4)
  2 shadow wraiths (Pan)
  25 ball lightnings (Pan)
  4 storm dragon skeletons
  6 ghost moth zombies
  4 anaconda zombies
  A giant orange brain (Pan)
  A deep elf summoner (Zig:19)
  A lindwurm (Zig:25)
  A sphinx zombie (Depths:4)
  9 shadow dragon zombies
  A harpy (Zig:24)
  4 golden dragon skeletons
  8 anaconda skeletons
  17 ugly thing zombies
  2 holy swine zombies (Pan)
  12 draconian zombies
  2 orb spiders
  13 wolf spider zombies
  7 frost giant zombies
  7 shadow dragon skeletons
  2 hell hog zombies (Pan)
  An orc sorcerer (Vaults:2)
  9 fire giant zombies
  2 sphinx skeletons
  4 octopode zombies
  5 wolf spiders
  4 apis zombies (Pan)
  12 stone giant zombies
  A worldbinder (Zig:25)
  24 death scarab zombies
  8 hell hog skeletons
  5 ugly thing skeletons
  4 sixfirhies
  3 phantasmal warriors (Pan)
  6 iron dragon skeletons
  3 apis skeletons (Pan)
  7 frost giant skeletons
  5 draconian skeletons
  7 shock serpent zombies
  A spiny frog (Zig:12)
  8 naga zombies
  6 fire giant skeletons
  A salamander zombie (Geh:3)
  A siren (Zig:24)
  3 smoke demons
  An apocalypse crab (Zig:26)
  16 dire elephant zombies
  4 large abominations
  15 stone giant skeletons
  8 demonspawn zombies (Pan)
  A vault sentinel (Vaults:5)
  A demonspawn skeleton (Pan)
  An orange demon (Pan)
  5 death yak zombies
  2 mottled draconian zombies (Zig:11)
  A white draconian zombie (Zig:17)
  An alligator snapping turtle zombie (Zig:25)
  2 black draconian zombies
  3 fire drakes
  A shock serpent skeleton (Geh:5)
  2 emperor scorpion zombies
  2 purple draconian zombies (Crypt:2)
  3 green draconian zombies
  A grey draconian zombie (Zot:3)
  A fulminant prism (Zig:26)
  A tormentor (Zig:19)
  7 dire elephant skeletons
  A komodo dragon (Zig:23)
  4 swamp worm zombies (Spider:5)
  7 death yak skeletons
  2 red draconian zombies (Crypt:2)
  2 hellwings
  2 guardian mummies (Tomb:2)
  16 redback zombies
  2 mottled draconian skeletons
  8 merfolk zombies
  An ancient zyme (Zig:25)
  6 ghoul skeletons
  A merfolk (Zig:24)
  5 minotaur zombies
  A red devil (Tomb:3)
  2 black draconian skeletons
  5 harpy zombies
  14 hydra zombies
  A deep elf priest (Elf:3)
  A demonic crawler zombie (Pan)
  A slime creature (Zig:12)
  4 catoblepas zombies (Zig:23)
  A death drake zombie (Zig:22)
  5 freezing wraiths
  3 minotaur skeletons
  A raven (Zig:18)
  2 death drake skeletons
  An iron troll skeleton (Dis:4)
  4 hydra skeletons
  6 moth of wrath zombies
  206 fire vortices
  A guardian serpent zombie (Zig:17)
  3 red wasp zombies
  3 harpy skeletons
  A giant leech (Zig:12)
  2 jumping spiders
  4 jumping spider zombies
  2 raiju (Zig:25)
  9 tarantella zombies
  11 fire dragon zombies
  A wind drake (Zig:25)
  3 trapdoor spider zombies
  3 two-headed ogres (Vaults:5)
  16 ettin zombies
  A flying skull (Geh:7)
  5 alligator zombies
  12 ice dragon zombies
  4 griffon zombies
  A catoblepas skeleton (Crypt:3)
  5 deep elf magi
  19 black mamba zombies
  24 air elementals
  19 ice dragon skeletons
  7 ynoxinuls
  7 ettin skeletons
  2 redbacks
  3 tarantellas (Zig:25)
  16 fire dragon skeletons
  23 water elementals
  5 griffon skeletons
  10 hill giant zombies
  A human (D:14)
  6 wraiths (Pan)
  14 spriggan zombies
  5 black mamba skeletons
  A chaos spawn (Zig:26)
  2 giant leech zombies
  A golden eye (Zig:25)
  3 deep elf fighters
  2 neqoxecs
  3 spriggan skeletons
  6 hill giant skeletons
  2 hungry ghosts (Pan)
  14 tengu zombies
  2 infernal demonspawn zombies (Pan)
  4 monstrous demonspawn zombies (Pan)
  4 raven zombies
  A torturous demonspawn zombie (Pan)
  5 gelid demonspawn zombies (Pan)
  2 raven skeletons (Zig:16)
  3 water moccasins
  10 putrid demonspawn zombies (Pan)
  A mottled dragon (Zig:21)
  15 deep troll skeletons
  10 deep troll zombies
  4 orb spider zombies
  3 small abominations
  30 spiny frog zombies
  A merfolk skeleton (Coc:7)
  A monstrous demonspawn skeleton (Pan)
  5 spiny frog skeletons
  6 swamp dragon zombies
  A phantom (Pan)
  2 manticore zombies
  2 ogres (Vaults:5)
  A ghost crab zombie (Zig:18)
  2 elephant zombies
  An anubis guard zombie (Tomb:1)
  A snapping turtle skeleton (Coc:7)
  19 vampire mosquito zombies
  3 blink frog skeletons
  4 blink frog zombies
  2 manticore skeletons
  6 swamp dragon skeletons
  2 elephant skeletons
  A hog zombie (D:14)
  A hog skeleton (D:14)
  5 centaurs
  4 torpor snail zombies
  7 komodo dragon zombies
  A fire crab zombie (Vaults:3)
  43 yaktaur zombies
  3 fire drake zombies
  5 crocodiles
  4 cyclops zombies
  4 hell hound zombies
  7 lost souls
  12 spider zombies
  21 centaur zombies
  3 komodo dragon skeletons
  14 yaktaur skeletons
  24 water moccasin zombies
  10 centaur skeletons
  A salamander skeleton (Geh:4)
  3 wyvern zombies
  8 hell hound skeletons
  4 water moccasin skeletons
  2 cyclops skeletons
  10 hippogriff zombies
  2 warg zombies
  3 boulder beetle zombies
  4 troll zombies
  22 yak zombies
  2 troll skeletons
  A polar bear skeleton (IceCv)
  A crimson imp (Pan)
  2 hippogriff skeletons
  4 wolf zombies
  A yak skeleton (D:11)
  A boring beetle zombie (Zig:23)
  3 raiju skeletons
  7 giant frog zombies
  4 tengu skeletons
  4 basilisk zombies
  2 yellow wasp zombies
  60 elf zombies
  A quasit (Zig:23)
  2 black bear zombies
  4 two-headed ogre zombies
  6 soldier ant zombies (Lair:4)
  4 giant frog skeletons
  16 human skeletons
  5 bog body skeletons
  21 elf skeletons
  4 two-headed ogre skeletons
  3 porcupine zombies
  3 porcupine skeletons
  2 big kobold zombies (D:9)
  23 crocodile zombies
  40 ogre zombies
  A sky beast zombie (D:12)
  A brain worm zombie (Pan)
  4 killer bee zombies
  A necrophage skeleton (Crypt:3)
  11 ogre skeletons
  4 crocodile skeletons
  A big kobold skeleton (D:12)
  2 hound skeletons
  A hound zombie (Lair:2)
  3 mottled dragon skeletons
  2 mottled dragon zombies
  3 mummies
  9 worker ant zombies
  4 scorpion zombies
  13 swamp drake zombies
  3 adders (Zig:23)
  94 orc zombies
  2 sheep skeletons
  2 swamp drake skeletons (Swamp:5)
  2 worm zombies (Spider:5)
  2 goliath beetle zombies (D:8)
  A giant eyeball (Pan)
  20 ufetubi
  3 white imps
  An electric eel skeleton (Elf:3)
  An iguana zombie (Lair:2)
  15 sheep zombies
  17 adder zombies
  72 human zombies
  An iguana skeleton (Lair:5)
  11 adder skeletons
  5 orcs
  4 bat skeletons
  5 bat zombies
  2 gnoll skeletons (D:2)
  3 goblins
  3 river rat skeletons
  14 river rat zombies
  A ball python skeleton (D:1)
  3 giant gecko skeletons
  A giant gecko zombie (D:15)
  3 giant newt skeletons
  A giant spore (D:13)
  6 goblin skeletons
  6 goblin zombies
  10 hobgoblin skeletons
  3 hobgoblin zombies
  5 jackal skeletons
  2 jackal zombies (D:11)
  7 kobold skeletons
  15 kobold zombies
  6 lurking horrors
  50 orc skeletons
  A quokka skeleton (Lair:8)
  2 quokka zombies
  4 rat skeletons
  3 rat zombies
  599 blocks of ice
  4 briar patches
  A bush (Zot:1)
  27 butterflies
  2 crawling corpses (Zig:26)
  741 eldritch tentacle segments
  8 fungi
  17 plants
  9 singularities
  46 starspawn tentacles
  767 starspawn tentacle segments
4360 creatures vanquished.

Grand Total: 18673 creatures vanquished
